 Dungeon Crawl Stone Soup version 0.30.0-19-gbf45117a57 (webtiles) character file.

Game seed: 2274812109926607453

89068 qw the Peltast (level 15, -2/32 HPs)
             Began as a Gargoyle Fighter on May 23, 2023.
             Was a Priest of Okawaru.
             Killed from afar by an efreet (28 damage)
             ... with a bolt of fire
             ... on level 15 of the Dungeon.
             The game lasted 00:55:27 (51261 turns).

qw the Peltast (Gargoyle Fighter)                  Turns: 51261, Time: 00:55:27

Health: -2/32      AC: 43    Str: 28    XL:     15   Next: 96%
Magic:  22/22      EV: 10    Int:  8    God:    Okawaru [***...]
Gold:   2526       SH: 20    Dex:  9    Spells: 14/14 levels left

rFire   . . .        k - +2 war axe (spect)
rCold   . . .        o - +0 tower shield
rNeg    + . .        r - +8 plate armour "Loimalom" {rElec rPois}
rPois   inf          j - +0 helmet
rElec   +            (no cloak)
rCorr   .            n - +0 pair of gloves
SInv    +            (no boots)
Will    +....        u - amulet of regeneration Stlth
                     D - +4 ring of protection
HPRegen 1.05/turn    q - ring of see invisible
MPRegen 0.18/turn

%: no passive effects
@: heroic, marked, flying
A: sickness immunity, AC +11, big wings, negative energy resistance 1,
electricity resistance, torment resistance 1, petrification resistance
a: Renounce Religion, Heroism


You were on level 15 of the Dungeon.
You worshipped Okawaru.
Okawaru was most pleased with you.
You visited 3 branches of the dungeon, and saw 21 of its levels.
You also visited: Gauntlet.

You collected 2680 gold pieces.
You spent 154 gold pieces at shops.


Innate Abilities, Weirdness & Mutations

You are immune to sickness and miasma.
Your stone body is resilient. (AC +11)
You are immune to poison.
Your large and strong wings let you fly.
You resist negative energy. (rN+)
You are resistant to electric shocks. (rElec)
You are resistant to unholy torment.
You are immune to petrification.


   Skills:
 - Level 12.0(17.0) Fighting
 + Level 15.3(20.3) Axes
 - Level 5.0(10.0) Throwing
 - Level 10.0(15.0) Armour
 - Level 3.0(8.0) Dodging
 - Level 16.3(21.3) Shields
 - Level 10.0 Invocations


You had 14 spell levels left.
You didn't know any spells.
Your spell library was empty.

Inventory:

Hand Weapons
 k - a +2 spectral war axe (weapon)
 w - a +1 hand axe of flaming
Missiles
 b - 24 boomerangs (quivered)
Armour
 j - a +0 helmet (worn)
 n - a +0 pair of gloves (worn)
 o - a +0 tower shield (worn)
 r - the +8 plate armour "Loimalom" (worn) {rElec rPois}
   (You acquired it on level 12 of the Dungeon)

   rElec:     It insulates you from electricity.
   rPois:     It protects you from poison.
 s - the +5 ice dragon scales of the Lost Spines {rF- rC++ Dex+3}
   (Okawaru gifted it to you on level 2 of the Lair of Beasts)

   Dex:       It affects your dexterity (+3).
   rF:        It makes you vulnerable to fire.
   rC:        It greatly protects you from cold.
Jewellery
 a - a ring of resist corrosion
 c - a ring of protection from cold
 q - a ring of see invisible (right hand)
 t - a ring of protection from cold
 u - an amulet of regeneration (around neck)
 D - a +4 ring of protection (left hand)
 E - a +6 ring of strength
Wands
 y - a wand of digging (9)
Scrolls
 e - 12 scrolls of identify
 g - 6 scrolls of teleportation
 m - a scroll of brand weapon
Potions
 d - 5 potions of might
 f - 6 potions of attraction
 h - 4 potions of haste
 i - 3 potions of curing
 l - 4 potions of lignification
 p - a potion of resistance
 x - 2 potions of heal wounds
 z - 2 potions of magic
 A - a potion of mutation

Dungeon Overview and Level Annotations

Branches:
Dungeon (15/15)            Temple (1/1) D:6            Lair (5/5) D:10
 Shoals (0/4) Lair:3       Spider (0/4) Lair:3        Slime (0/5) Lair:4
    Orc (0/2) D:11         Vaults (0/5) D:13         Depths (0/4) D:15
Gauntlet (visited)

Altars:
Ashenzari
Cheibriados
Dithmenos
Elyvilon
Fedhas
Gozag
Hepliaklqana
Kikubaaqudgha
Makhleb
Nemelex Xobeh
Okawaru
Qazlal
Ru
Sif Muna
Uskayaw
Vehumet
Wu Jian
Xom
Yredelemnul
Zin
The Shining One

Shops:
D:12 (

Annotations:
D:7 2 transporters, qw's ghost, novice GrFi
D:8 1 runed translucent door
D:10 4 transporters, 1 runed translucent door, qw's ghost, novice GrFi
D:12 1 runed translucent door, Yklotitu's ghost, journeyman CeHu
Lair:5 1 runed translucent door


Message History

You kill the orc!
Your +2 spectral war axe hits the troll!!
Your +2 spectral war axe hits the fire elemental.
The troll bites you but does no damage. The troll claws you.
You block the troll's attack. You block the efreet's attack.
You slash the troll!
The troll is severely wounded.
You hit the efreet.
Your +2 spectral war axe hits the troll!!
You kill the troll!
Okawaru accepts your kill.
Okawaru will now gift you throwing weapons as you gain piety.
The troll leather armour is intact enough to wear.
Your +2 spectral war axe hits the fire elemental.
Your +2 spectral war axe hits the efreet!
Your +2 spectral war axe hits the fire elemental! x2
The fire elemental closely misses your +2 spectral war axe.
The fire elemental hits your +2 spectral war axe.
The fire elemental burns your +2 spectral war axe!
Your +2 spectral war axe resists.
Your spectral weapon shares its damage with you!
The deep elf pyromancer points at you and mumbles some strange words.
The sticky flame hits your +2 spectral war axe.
Your +2 spectral war axe resists.
You block the efreet's attack.
You slash the efreet!
The efreet is severely wounded.
Your +2 spectral war axe completely misses the efreet.
Your +2 spectral war axe hits the fire elemental but does no damage.
Your +2 spectral war axe hits the fire elemental!
You destroy the fire elemental!
The fire elemental disappears in a puff of smoke!
The fire elemental hits your +2 spectral war axe.
The fire elemental burns your +2 spectral war axe!
Your +2 spectral war axe resists.
Your spectral weapon shares its damage with you!
The efreet gestures at you. The bolt of fire hits you!!
Ouch! That really hurt!
You die...

#### #########
....### #.......# .
....... #.....#.#
.. .......
#.......# ####ยค..
....... #.......#
..00... .......
##.......# E.00.(!
.......
#.......####RE.....
...#...
#..../.....@(e.).(.
## #...
#........###)......
#... #.....)..#
....... #...
#.....)..# .......
#... #######..#
####### #... #..#
...# #### #..##.#.#
####### ###.....#.#
#.....# #...#.###.#
#.....#


You could see a deep elf pyromancer (ally target), an efreet, 2 fire elementals
and a friendly +2 spectral war axe.

Vanquished Creatures
  An azure jelly (Lair:4)
  A caustic shrike zombie (D:15)
  A dire elephant (Lair:2)
  A minotaur (Gauntlet)
  Josephine (D:11)
  A yaktaur captain (D:13)
  Erica (Lair:1)
  7 hydras
  A catoblepas (Lair:5)
  6 two-headed ogres
  5 death knights
  4 centaur warriors
  10 death yaks
  3 boulder beetles
  3 tengu warriors
  A soul eater (Gauntlet)
  8 skeletal warriors
  Amaemon (Lair:1)
  A deep elf knight (D:15)
  An orb spider (Lair:3)
  A phantasmal warrior (D:15)
  A wizard (Gauntlet)
  3 orc knights
  5 lindwurms
  A necromancer (D:15)
  A frost giant zombie (D:15)
  A deep elf pyromancer (D:15)
  11 ugly things
  2 cyclopes (D:12)
  7 manticores
  20 elephants
  An ice statue (Gauntlet)
  3 black mambas
  2 gargoyles
  An orange demon (Lair:1)
  9 komodo dragons
  6 torpor snails (Lair:5)
  Psyche (D:11)
  5 cane toads
  An efreet (D:15)
  2 yaktaurs (D:13)
  3 rime drakes
  2 unseen horrors (D:11)
  4 kobold demonologists
  3 tyrant leeches (Lair:5)
  5 trolls
  11 hornets
  Prince Ribbit (D:6)
  A polar bear (Lair:2)
  2 merfolk (Lair:3)
  8 blink frogs
  Grinder (D:3)
  A dream sheep (Lair:5)
  A dream sheep (shapeshifter) (D:13)
  An ettin zombie (D:15)
  A spriggan zombie (D:15)
  Sigmund (D:2)
  A spriggan (Lair:2)
  8 slime creatures
  A vampire (D:11)
  3 wyverns
  31 yaks
  9 wraiths
  5 basilisks
  A golden eye (shapeshifter) (D:13)
  6 vampire mosquitoes
  An acid dragon (D:10)
  11 water moccasins
  Duvessa (D:6)
  11 orc warriors
  An ice beast (D:4)
  3 black bears
  An ogre (D:13)
  6 centaurs
  16 wolves
  A phantom (D:7)
  2 kobold brigands
  12 bullfrogs
  4 scorpions
  17 wights
  Dowan (D:6)
  13 killer bees
  5 electric eels
  9 crimson imps (D:12)
  A howler monkey (D:3)
  5 hounds
  6 orc priests
  8 jellies
  A sleepcap (D:7)
  A gnoll bouda (D:9)
  Jessica (D:3)
  Natasha (twice) (D:2)
  3 iguanas
  12 orc wizards
  4 gnolls (D:9)
  6 adders
  2 shadow imps (Gauntlet)
  3 white imps
  An ufetubus (D:7)
  A worm (D:3)
  5 dart slugs
  64 orcs
  7 endoplasms
  5 giant cockroaches
  7 goblins
  7 hobgoblins
  2 jackals (D:3)
  2 quokkas
  11 ball pythons
  6 bats (Lair:5)
  3 frilled lizards
  13 kobolds
  4 rats
561 creatures vanquished.

Vanquished Creatures (others)
  A tormentor (D:12)
  14 spectral weapons
15 creatures vanquished.

Grand Total: 576 creatures vanquished

Notes
Turn   | Place    | Note
-------+----------+-------------------------------------------
     0 | D:1      | qw the Gargoyle Fighter began the quest for the Orb.
     0 | D:1      | Reached XP level 1. HP: 14/14 MP: 1/1
     0 | D:1      | 0 ||| qw: Version: 0.2-a-98-g5d7165a
     0 | D:1      | 0 ||| qw: Game counter: 43
     0 | D:1      | 0 ||| qw: Always use a shield: true
     0 | D:1      | 0 ||| qw: God list: Okawaru
     0 | D:1      | 0 ||| qw: Allow faded altars: false
     0 | D:1      | 0 ||| qw: Do Orc after D:15 true
     0 | D:1      | 0 ||| qw: Do second Lair branch before Depths: true
     0 | D:1      | 0 ||| qw: Lair rune preference: random
     0 | D:1      | 0 ||| qw: Plans: Normal, Zot:1-4, God:TSO, Crypt, Tomb,
                  | Pan, Slime:5, Hells, Abyss, Win
     0 | D:1      | 0 ||| PLANNING D:1-11
   166 | D:1      | Reached XP level 2. HP: 17/19 MP: 2/2
   255 | D:1      | 255 ||| Stepping ~*~*~tactically~*~*~ (stealth).
   256 | D:1      | 256 ||| Stepping ~*~*~tactically~*~*~ (stealth).
   258 | D:1      | 258 ||| Stepping ~*~*~tactically~*~*~ (stealth).
   259 | D:1      | 259 ||| Stepping ~*~*~tactically~*~*~ (stealth).
   260 | D:1      | 260 ||| Stepping ~*~*~tactically~*~*~ (stealth).
   559 | D:1      | Reached skill level 3 in Axes
   708 | D:1      | 708 ||| UPGRADING to +0 pair of gloves.
   713 | D:1      | 713 ||| READING scroll labelled PUSIMA ZOCOZIBB.
   714 | D:1      | 714 ||| READING scroll labelled SATUAG CONLA.
   717 | D:1      | 717 ||| READING scroll labelled BOSSIM BEHOR.
   718 | D:1      | 718 ||| DRINKING 2 dark potions.
   778 | D:2      | Reached XP level 3. HP: 23/23 MP: 3/3
   802 | D:2      | Noticed Sigmund
   803 | D:2      | 803 ||| Stepping ~*~*~tactically~*~*~ (hiding).
   829 | D:2      | Killed Sigmund
   830 | D:2      | Reached XP level 4. HP: 10/28 MP: 4/4
   830 | D:2      | Reached XP level 5. HP: 11/32 MP: 5/5
  1141 | D:2      | Noticed Natasha
  1148 | D:2      | Killed Natasha
  1149 | D:2      | Reached XP level 6. HP: 34/38 MP: 6/6
  1235 | D:2      | 1235 ||| Stepping ~*~*~tactically~*~*~ (stealth).
  1311 | D:2      | Noticed Natasha
  1314 | D:2      | Killed Natasha
  1315 | D:2      | Reached skill level 1 in Dodging
  1357 | D:2      | 1357 ||| UPGRADING to +0 tower shield.
  1367 | D:2      | 1367 ||| DROPPING +0 buckler.
  1368 | D:2      | 1368 ||| READING scroll labelled ZOUHOE DUNA.
  1369 | D:2      | 1369 ||| READING 2 scrolls labelled UTIUJO VAPNAE.
  1370 | D:2      | 1370 ||| READING scroll labelled FAOHYF CEPTOYG.
  1371 | D:2      | 1371 ||| READING scroll labelled FOGOW AMAALETE.
  1372 | D:2      | 1372 ||| DRINKING 2 glowing grey potions.
  1373 | D:2      | 1373 ||| DROPPING scroll of fog.
  1374 | D:2      | 1374 ||| DROPPING potion of invisibility.
  1410 | D:3      | 1410 ||| DROPPING +0 club.
  1451 | D:3      | Noticed Jessica
  1456 | D:3      | Killed Jessica
  1457 | D:3      | Reached skill level 4 in Shields
  1523 | D:3      | 1523 ||| Stepping ~*~*~tactically~*~*~ (stealth).
  1524 | D:3      | 1524 ||| Stepping ~*~*~tactically~*~*~ (stealth).
  1590 | D:3      | 1590 ||| Stepping ~*~*~tactically~*~*~ (stealth).
  1592 | D:3      | 1592 ||| Stepping ~*~*~tactically~*~*~ (stealth).
  1593 | D:3      | 1593 ||| Stepping ~*~*~tactically~*~*~ (stealth).
  1642 | D:3      | Noticed Grinder
  1643 | D:3      | 1643 ||| Stepping ~*~*~tactically~*~*~ (stealth).
  1658 | D:3      | 1658 ||| Stepping ~*~*~tactically~*~*~ (stealth).
  1659 | D:3      | Paralysed by Grinder for 5 turns
  1669 | D:3      | Paralysed by Grinder for 5 turns
  1677 | D:3      | HP: 6/38 [Grinder/nerve-wracking pain (5)]
  1680 | D:3      | Killed Grinder
  1681 | D:3      | Reached skill level 6 in Shields
  1681 | D:3      | Reached XP level 7. HP: 8/43 MP: 7/7
  2049 | D:3      | Found a hazy altar of Hepliaklqana.
  2103 | D:3      | Found a sparkling altar of Nemelex Xobeh.
  2112 | D:3      | Found Ocoisiat's Jewellery Shop.
  2134 | D:3      | Found a white marble altar of Elyvilon.
  2195 | D:3      | Found a broken altar of Ashenzari.
  2255 | D:3      | Found a stormy altar of Qazlal.
  2432 | D:3      | 2432 ||| READING scroll labelled MACWEM PUBE.
  2476 | D:3      | 2476 ||| DRINKING 3 grey potions.
  2479 | D:3      | 2479 ||| READING 3 scrolls of identify.
  2479 | D:3      | 2479 ||| IDENTIFYING white potion
  2480 | D:3      | 2480 ||| READING 2 scrolls of identify.
  2480 | D:3      | 2480 ||| IDENTIFYING ruby potion
  2481 | D:3      | 2481 ||| DROPPING potion of degeneration.
  2520 | D:4      | 2520 ||| STAIRDANCE
  2620 | D:4      | Identified the +2 leather armour of Agoraphobia {rElec
                  | rPois Stlth+}
  2677 | D:4      | 2677 ||| Stepping ~*~*~tactically~*~*~ (hiding).
  2679 | D:4      | 2679 ||| Stepping ~*~*~tactically~*~*~ (hiding).
  2682 | D:4      | 2682 ||| Stepping ~*~*~tactically~*~*~ (hiding).
  2683 | D:4      | 2683 ||| Stepping ~*~*~tactically~*~*~ (hiding).
  2816 | D:4      | 2816 ||| Stepping ~*~*~tactically~*~*~ (hiding).
  2817 | D:4      | 2817 ||| Stepping ~*~*~tactically~*~*~ (hiding).
  2818 | D:4      | 2818 ||| Stepping ~*~*~tactically~*~*~ (hiding).
  2939 | D:4      | Reached skill level 1 in Throwing
  2957 | D:4      | Reached skill level 7 in Shields
  2957 | D:4      | Reached XP level 8. HP: 43/48 MP: 8/8
  2987 | D:4      | Found a shimmering altar of Xom.
  3253 | D:4      | 3253 ||| UPGRADING to +0 ring mail of cold resistance.
  3263 | D:4      | 3263 ||| DROPPING +2 leather armour of Agoraphobia {rElec
                  | rPois Stlth+}.
  3264 | D:4      | 3264 ||| UPGRADING to +6 ring of strength.
  3265 | D:4      | 3265 ||| READING scroll labelled YDDEZI YTOTS.
  3299 | D:5      | Entered Level 5 of the Dungeon
  3300 | D:5      | 3300 ||| PLANNING SEWER
  3316 | D:5      | 3316 ||| DROPPING +0 mace.
  3327 | D:5      | 3327 ||| Stepping ~*~*~tactically~*~*~ (stealth).
  3333 | D:5      | 3333 ||| DROPPING +0 flail.
  3357 | D:5      | Reached skill level 8 in Shields
  3522 | D:5      | 3522 ||| Stepping ~*~*~tactically~*~*~ (stealth).
  3799 | D:5      | Found a blossoming altar of Fedhas.
  4055 | D:5      | 4055 ||| Stepping ~*~*~tactically~*~*~ (stealth).
  4056 | D:5      | 4056 ||| Stepping ~*~*~tactically~*~*~ (stealth).
  4057 | D:5      | 4057 ||| RIP SEWER
  4058 | D:5      | 4058 ||| PLANNING D:1-11
  4078 | D:5      | 4078 ||| Stepping ~*~*~tactically~*~*~ (stealth).
  4177 | D:5      | Noticed a moth of wrath
  4178 | D:5      | 4178 ||| UPGRADING to +0 helmet.
  4204 | D:5      | 4204 ||| DRINKING 2 bubbling white potions.
  4205 | D:5      | 4205 ||| READING 5 scrolls of identify.
  4205 | D:5      | 4205 ||| IDENTIFYING viscous brown potion
  4206 | D:5      | 4206 ||| READING 4 scrolls of identify.
  4206 | D:5      | 4206 ||| IDENTIFYING purple potion
  4207 | D:5      | 4207 ||| DROPPING potion of magic.
  4208 | D:5      | 4208 ||| DROPPING potion of ambrosia.
  4280 | D:6      | 4280 ||| Stepping ~*~*~tactically~*~*~ (stealth).
  4399 | D:6      | Noticed Prince Ribbit
  4431 | D:6      | HP: 10/48 [Prince Ribbit (11)]
  4432 | D:6      | 4432 ||| READING 4 scrolls of teleportation.
  4433 | D:6      | 4433 ||| DRINKING 3 potions of heal wounds.
  4434 | D:6      | Killed Prince Ribbit
  4435 | D:6      | Reached skill level 9 in Shields
  4764 | D:6      | Found a staircase to the Ecumenical Temple.
  4781 | D:6      | 4781 ||| PLANNING TEMPLE
  4800 | D:6      | Reached skill level 6 in Axes
  4866 | D:6      | Noticed Duvessa
  4868 | Temple   | Entered the Ecumenical Temple
  4888 | Temple   | 4888 ||| PLANNING OKAWARU WORSHIP
  5070 | Temple   | Became a worshipper of Warmaster Okawaru
  5070 | Temple   | 5070 ||| PLANNING D:1-11
  5090 | D:6      | Noticed Dowan
  5096 | D:6      | Killed Duvessa
  5097 | D:6      | Reached skill level 10 in Shields
  5097 | D:6      | Reached XP level 9. HP: 42/52 MP: 9/9
  5104 | D:6      | Killed Dowan
  5486 | D:6      | Found an opulent altar of Gozag.
  5533 | D:6      | HP: 9/52 [wight/+3 long sword (8)]
  5534 | D:6      | 5534 ||| READING 3 scrolls of teleportation.
  5535 | D:6      | 5535 ||| DRINKING 3 potions of heal wounds.
  5747 | D:6      | 5747 ||| READING scroll labelled BAONOU YLEROKE.
  5845 | D:7      | 5845 ||| Stepping ~*~*~tactically~*~*~ (hiding).
  5972 | D:7      | Found a shadowy altar of Dithmenos.
  6029 | D:7      | Reached * piety under Okawaru
  6031 | D:7      | 6031 ||| INVOKING Heroism.
  6103 | D:7      | Found a transporter.
  6108 | D:7      | Noticed qw's ghost (novice GrFi)
  6110 | D:7      | Noticed a moth of wrath
  6124 | D:7      | Found a transporter.
  6243 | D:7      | 6243 ||| INVOKING Heroism.
  6244 | D:7      | 6244 ||| INVOKING Heroism.
  6269 | D:7      | Reached skill level 1 in Invocations
  6290 | D:7      | Found a snail-covered altar of Cheibriados.
  6445 | D:7      | 6445 ||| INVOKING Heroism.
  6636 | D:7      | 6636 ||| DROPPING +0 scale mail.
  6637 | D:7      | 6637 ||| UPGRADING to +0 chain mail.
  6647 | D:7      | 6647 ||| READING 5 scrolls of identify.
  6647 | D:7      | 6647 ||| IDENTIFYING red potion
  6648 | D:7      | 6648 ||| READING 4 scrolls of identify.
  6648 | D:7      | 6648 ||| IDENTIFYING black potion
  6649 | D:7      | 6649 ||| DROPPING potion of flight.
  6660 | D:8      | 6660 ||| INVOKING Heroism.
  6676 | D:8      | 6676 ||| Stepping ~*~*~tactically~*~*~ (stealth).
  6678 | D:8      | Reached skill level 3 in Invocations
  6679 | D:8      | 6679 ||| Stepping ~*~*~tactically~*~*~ (stealth).
  6680 | D:8      | 6680 ||| Stepping ~*~*~tactically~*~*~ (stealth).
  6681 | D:8      | 6681 ||| Stepping ~*~*~tactically~*~*~ (stealth).
  6686 | D:8      | 6686 ||| INVOKING Heroism.
  6903 | D:8      | Found a glowing golden altar of the Shining One.
  6926 | D:8      | 6926 ||| INVOKING Heroism.
  7085 | D:8      | 7085 ||| Stepping ~*~*~tactically~*~*~ (hiding).
  7098 | D:8      | 7098 ||| INVOKING Heroism.
  7100 | D:8      | Reached XP level 10. HP: 26/59 MP: 9/12
  7400 | D:8      | Found a runed translucent door.
  7437 | D:9      | 7437 ||| STAIRDANCE
  7440 | D:8      | 7440 ||| INVOKING Heroism.
  7553 | D:9      | 7553 ||| STAIRDANCE
  7557 | D:8      | Reached skill level 11 in Shields
  7557 | D:8      | 7557 ||| INVOKING Heroism.
  7739 | D:9      | Found a burning altar of Makhleb.
  7741 | D:9      | Noticed a blizzard demon
  7743 | D:9      | Found a glowing silver altar of Zin.
  7744 | D:9      | Noticed an angel
  7790 | D:9      | 7790 ||| INVOKING Heroism.
  7965 | D:9      | Reached skill level 6 in Fighting
  7966 | D:9      | 7966 ||| INVOKING Heroism.
  7991 | D:9      | 7991 ||| INVOKING Heroism.
  8115 | D:9      | 8115 ||| Stepping ~*~*~tactically~*~*~ (stealth).
  8319 | D:9      | 8319 ||| Stepping ~*~*~tactically~*~*~ (stealth).
  8348 | D:9      | 8348 ||| Stepping ~*~*~tactically~*~*~ (stealth).
  8351 | D:9      | 8351 ||| Stepping ~*~*~tactically~*~*~ (hiding).
  8353 | D:9      | 8353 ||| Stepping ~*~*~tactically~*~*~ (hiding).
  8354 | D:9      | 8354 ||| Stepping ~*~*~tactically~*~*~ (hiding).
  8355 | D:9      | 8355 ||| Stepping ~*~*~tactically~*~*~ (hiding).
  8356 | D:9      | 8356 ||| Stepping ~*~*~tactically~*~*~ (hiding).
  8359 | D:9      | 8359 ||| INVOKING Heroism.
  8477 | D:9      | Noticed a two-headed ogre
  8478 | D:9      | 8478 ||| INVOKING Heroism.
  8486 | D:9      | Killed a two-headed ogre
  8487 | D:9      | Reached skill level 9 in Axes
  8593 | D:9      | Found a sacrificial altar of Ru.
  8614 | D:9      | 8614 ||| Stepping ~*~*~tactically~*~*~ (hiding).
  8809 | D:9      | 8809 ||| UPGRADING to amulet of regeneration.
  8814 | D:9      | 8814 ||| UPGRADING to ring of see invisible.
  8815 | D:9      | 8815 ||| READING 4 scrolls of identify.
  8815 | D:9      | 8815 ||| IDENTIFYING bubbling blue potion
  8816 | D:9      | 8816 ||| DROPPING potion of brilliance.
  8826 | D:10     | Entered Level 10 of the Dungeon
  8827 | D:10     | Found a radiant altar of Vehumet.
  8913 | D:10     | 8913 ||| INVOKING Heroism.
  8917 | D:10     | 8917 ||| Stepping ~*~*~tactically~*~*~ (stealth).
  8920 | D:10     | 8920 ||| Stepping ~*~*~tactically~*~*~ (stealth).
  8921 | D:10     | 8921 ||| Stepping ~*~*~tactically~*~*~ (stealth).
  8922 | D:10     | 8922 ||| Stepping ~*~*~tactically~*~*~ (stealth).
  8940 | D:10     | 8940 ||| INVOKING Heroism.
  8951 | D:10     | Noticed a two-headed ogre
  8953 | D:10     | Reached skill level 12 in Shields
  8956 | D:10     | Reached ** piety under Okawaru
  8962 | D:10     | 8962 ||| INVOKING Heroism.
  8969 | D:10     | Killed a two-headed ogre
  8970 | D:10     | Reached XP level 11. HP: 42/68 MP: 11/14
  8997 | D:10     | Found a staircase to the Lair.
  9046 | D:10     | 9046 ||| INVOKING Heroism.
  9213 | D:10     | 9213 ||| INVOKING Heroism.
  9283 | D:10     | Found a transporter.
  9289 | D:10     | Found a transporter.
  9291 | D:10     | Found a transporter.
  9394 | D:10     | Found a transporter.
  9654 | D:10     | Found a runed translucent door.
  9662 | D:10     | Identified the +6 trident "Wagi" {heavy, Str-4 Dex+4}
  9662 | D:10     | Noticed qw's ghost (novice GrFi)
  9663 | D:10     | Noticed a spriggan rider
  9707 | D:10     | 9707 ||| INVOKING Heroism.
  9780 | D:10     | 9780 ||| PLANNING LAIR
  9780 | D:10     | 9780 ||| DROPPING +0 ring mail of cold resistance.
  9781 | D:10     | 9781 ||| UPGRADING to +0 plate armour.
  9791 | D:10     | 9791 ||| DROPPING +0 chain mail.
  9792 | D:10     | 9792 ||| READING scroll labelled ACONEM KAKK.
  9857 | Lair:1   | Entered Level 1 of the Lair of Beasts
  9873 | Lair:1   | 9873 ||| Stepping ~*~*~tactically~*~*~ (hiding).
  9924 | Lair:1   | 9924 ||| INVOKING Heroism.
  9942 | Lair:1   | Reached skill level 6 in Armour
  9942 | Lair:1   | Reached *** piety under Okawaru
 10007 | Lair:1   | 10007 ||| INVOKING Heroism.
 10032 | Lair:1   | 10032 ||| INVOKING Heroism.
 10059 | Lair:1   | Noticed Amaemon
 10060 | Lair:1   | 10060 ||| Stepping ~*~*~tactically~*~*~ (hiding).
 10064 | Lair:1   | 10064 ||| INVOKING Heroism.
 10080 | Lair:1   | Killed Amaemon
 10086 | Lair:1   | Reached skill level 13 in Shields
 10101 | Lair:1   | 10101 ||| DROPPING +0 morningstar.
 10140 | Lair:1   | 10140 ||| Stepping ~*~*~tactically~*~*~ (stealth).
 10271 | Lair:1   | 10271 ||| Stepping ~*~*~tactically~*~*~ (stealth).
 10310 | Lair:1   | Noticed Erica
 10311 | Lair:1   | 10311 ||| INVOKING Heroism.
 10330 | Lair:1   | Killed Erica
 10330 | Lair:1   | Received a gift from Okawaru
 10513 | Lair:1   | Found a dark tunnel.
 10837 | Lair:2   | 10837 ||| INVOKING Heroism.
 10845 | Lair:2   | Noticed a death yak
 10846 | Lair:2   | 10846 ||| Stepping ~*~*~tactically~*~*~ (stealth).
 10847 | Lair:2   | 10847 ||| Stepping ~*~*~tactically~*~*~ (stealth).
 10847 | Lair:2   | Noticed a death yak
 10848 | Lair:2   | 10848 ||| Stepping ~*~*~tactically~*~*~ (stealth).
 10850 | Lair:2   | 10850 ||| Stepping ~*~*~tactically~*~*~ (stealth).
 10852 | Lair:2   | Noticed a death yak
 10853 | Lair:2   | Noticed a death yak
 10856 | Lair:2   | Noticed a death yak
 10857 | Lair:2   | 10857 ||| INVOKING Heroism.
 10866 | Lair:2   | Killed a death yak
 10867 | Lair:2   | Reached skill level 3 in Throwing
 10867 | Lair:2   | Reached XP level 12. HP: 65/73 MP: 13/15
 10869 | Lair:2   | Killed a death yak
 10877 | Lair:2   | Killed a death yak
 10877 | Lair:2   | Reached **** piety under Okawaru
 10885 | Lair:2   | 10885 ||| INVOKING Heroism.
 10889 | Lair:2   | Killed a death yak
 10896 | Lair:2   | Killed a death yak
 10954 | Lair:2   | 10954 ||| Stepping ~*~*~tactically~*~*~ (stealth).
 10955 | Lair:2   | 10955 ||| INVOKING Heroism.
 10962 | Lair:2   | 10962 ||| Stepping ~*~*~tactically~*~*~ (stealth).
 10966 | Lair:2   | Noticed a six-headed hydra
 10971 | Lair:2   | 10971 ||| SWAPPING to -2 demon whip of venom.
 10983 | Lair:2   | 10983 ||| INVOKING Heroism.
 10985 | Lair:2   | Killed a six-headed hydra
 10986 | Lair:2   | 10986 ||| SWAPPING to +0 war axe.
 11142 | Lair:2   | Reached skill level 6 in Invocations
 11143 | Lair:2   | Reached ***** piety under Okawaru
 11180 | Lair:2   | Noticed a dire elephant
 11181 | Lair:2   | 11181 ||| INVOKING Heroism.
 11183 | Lair:2   | Received a gift from Okawaru
 11198 | Lair:2   | HP: 6/73 [dire elephant (14)]
 11199 | Lair:2   | 11199 ||| READING 7 scrolls of teleportation.
 11200 | Lair:2   | 11200 ||| DRINKING 2 potions of heal wounds.
 11203 | Lair:2   | HP: 17/73 [elephant (6)]
 11204 | Lair:2   | 11204 ||| DRINKING potion of heal wounds.
 11238 | Lair:2   | 11238 ||| INVOKING Heroism.
 11239 | Lair:2   | 11239 ||| Stepping ~*~*~tactically~*~*~ (hiding).
 11240 | Lair:2   | 11240 ||| Stepping ~*~*~tactically~*~*~ (hiding).
 11297 | Lair:2   | 11297 ||| Stepping ~*~*~tactically~*~*~ (stealth).
 11352 | Lair:2   | 11352 ||| INVOKING Heroism.
 11375 | Lair:2   | Killed a dire elephant
 11376 | Lair:2   | Reached XP level 13. HP: 34/79 MP: 17/19
 11449 | Lair:2   | Received a gift from Okawaru
 11465 | Lair:2   | Reached skill level 9 in Fighting
 11636 | Lair:2   | Identified the +5 ice dragon scales of the Lost Spines {rF-
                  | rC++ Dex+3} (Okawaru gifted it to you on level 2 of the
                  | Lair of Beasts)
 11636 | Lair:2   | Received a gift from Okawaru
 11696 | Lair:2   | 11696 ||| DROPPING -2 demon whip of venom.
 11808 | Lair:2   | 11808 ||| UPGRADING to +5 ice dragon scales of the Lost
                  | Spines {rF- rC++ Dex+3}.
 11840 | Lair:3   | 11840 ||| INVOKING Heroism.
 11924 | Lair:3   | Reached skill level 9 in Invocations
 11941 | Lair:3   | 11941 ||| INVOKING Heroism.
 12135 | Lair:3   | Found a hole to the Spider Nest.
 12136 | Lair:3   | 12136 ||| INVOKING Finesse.
 12145 | Lair:3   | Reached skill level 14 in Shields
 12147 | Lair:3   | 12147 ||| Stepping ~*~*~tactically~*~*~ (stealth).
 12342 | Lair:3   | 12342 ||| INVOKING Heroism.
 12366 | Lair:3   | Reached skill level 3 in Dodging
 12442 | Lair:3   | Found a staircase to the Shoals.
 12775 | Lair:3   | 12775 ||| READING scroll labelled OVVIDGH GIWURU.
 12776 | Lair:3   | 12776 ||| READING scroll labelled KAGUKH WAQOM.
 12787 | Lair:4   | 12787 ||| PLANNING GAUNTLET
 12787 | Lair:4   | 12787 ||| INVOKING Heroism.
 12789 | Lair:4   | 12789 ||| Stepping ~*~*~tactically~*~*~ (stealth).
 12790 | Lair:4   | 12790 ||| Stepping ~*~*~tactically~*~*~ (stealth).
 12857 | Lair:4   | 12857 ||| Stepping ~*~*~tactically~*~*~ (stealth).
 12858 | Lair:4   | 12858 ||| Stepping ~*~*~tactically~*~*~ (stealth).
 12859 | Lair:4   | 12859 ||| Stepping ~*~*~tactically~*~*~ (stealth).
 13048 | Lair:4   | Found a staircase to the Slime Pits.
 13083 | Lair:4   | 13083 ||| Stepping ~*~*~tactically~*~*~ (stealth).
 13085 | Lair:4   | 13085 ||| Stepping ~*~*~tactically~*~*~ (hiding).
 13146 | Lair:4   | Found a gate leading to a gauntlet.
 13155 | Gauntlet | Entered a Gauntlet
 13155 | Gauntlet | Found a transporter.
 13164 | Gauntlet | Found a transporter.
 13167 | Gauntlet | Found a transporter.
 13168 | Gauntlet | Found a transporter.
 13176 | Gauntlet | Found a transporter.
 13179 | Gauntlet | Found a transporter.
 13180 | Gauntlet | Found a transporter.
 13191 | Gauntlet | Found a transporter.
 13192 | Gauntlet | Found a transporter.
 13194 | Gauntlet | Noticed a green death
 13196 | Gauntlet | Found a runed translucent door.
 13196 | Gauntlet | Found a runed translucent door.
 13200 | Gauntlet | Found a transporter.
 13203 | Gauntlet | Found a transporter.
 13204 | Gauntlet | Found a transporter.
 13215 | Gauntlet | Found a transporter.
 13248 | Gauntlet | Found a transporter.
 13323 | Gauntlet | 13323 ||| INVOKING Heroism.
 13375 | Gauntlet | 13375 ||| INVOKING Heroism.
 13419 | Gauntlet | 13419 ||| DROPPING amulet of guardian spirit.
 13442 | Gauntlet | Noticed a minotaur
 13443 | Gauntlet | 13443 ||| Stepping ~*~*~tactically~*~*~ (hiding).
 13446 | Gauntlet | 13446 ||| INVOKING Heroism.
 13450 | Gauntlet | Killed a minotaur
 13451 | Gauntlet | Reached skill level 12 in Axes
 13573 | Lair:4   | 13573 ||| PLANNING LAIR
 13595 | Lair:4   | 13595 ||| Stepping ~*~*~tactically~*~*~ (stealth).
 13678 | Lair:4   | 13678 ||| READING 3 scrolls of brand weapon.
 13678 | Lair:4   | 13678 ||| BRANDING +0 heavy war axe.
 13679 | Lair:4   | 13679 ||| READING 2 scrolls of brand weapon.
 13679 | Lair:4   | 13679 ||| BRANDING +0 war axe of protection.
 13680 | Lair:4   | 13680 ||| READING scroll of brand weapon.
 13680 | Lair:4   | 13680 ||| BRANDING +0 heavy war axe.
 13971 | Lair:4   | Noticed an azure jelly
 13980 | Lair:4   | Received a gift from Okawaru
 13982 | Lair:4   | 13982 ||| INVOKING Heroism.
 13982 | Lair:4   | HP: 11/80 [slime creature (12)]
 13983 | Lair:4   | 13983 ||| READING 7 scrolls of teleportation.
 13983 | Lair:4   | HP: 5/80 [slime creature (2)]
 13984 | Lair:4   | 13984 ||| DRINKING 5 potions of heal wounds.
 13988 | Lair:4   | Killed an azure jelly
 14176 | Lair:4   | 14176 ||| DROPPING amulet of faith.
 14177 | Lair:4   | 14177 ||| DROPPING ring of see invisible.
 14178 | Lair:4   | 14178 ||| DROPPING ring of willpower.
 14179 | Lair:4   | 14179 ||| DROPPING ring of positive energy.
 14180 | Lair:4   | 14180 ||| UPGRADING to +4 ring of protection.
 14182 | Lair:4   | 14182 ||| READING 2 scrolls labelled USSISO YJUIRO.
 14183 | Lair:4   | 14183 ||| READING scroll of enchant weapon.
 14183 | Lair:4   | 14183 ||| ENCHANTING +0 spectral war axe.
 14184 | Lair:4   | 14184 ||| READING 7 scrolls of identify.
 14184 | Lair:4   | 14184 ||| IDENTIFYING fuming emerald potion
 14221 | Lair:5   | Entered Level 5 of the Lair of Beasts
 14233 | Lair:5   | 14233 ||| INVOKING Heroism.
 14448 | Lair:5   | 14448 ||| INVOKING Heroism.
 14471 | Lair:5   | Gained mutation: Your large and strong wings let you fly.
                  | [Gargoyle growth]
 14471 | Lair:5   | Reached XP level 14. HP: 49/88 MP: 21/21
 14595 | Lair:5   | Found a runed translucent door.
 14597 | Lair:5   | 14597 ||| INVOKING Heroism.
 14637 | Lair:5   | 14637 ||| Stepping ~*~*~tactically~*~*~ (stealth).
 14640 | Lair:5   | 14640 ||| INVOKING Heroism.
 14641 | Lair:5   | 14641 ||| Stepping ~*~*~tactically~*~*~ (stealth).
 14720 | Lair:5   | 14720 ||| Stepping ~*~*~tactically~*~*~ (stealth).
 14721 | Lair:5   | 14721 ||| Stepping ~*~*~tactically~*~*~ (stealth).
 14723 | Lair:5   | 14723 ||| Stepping ~*~*~tactically~*~*~ (stealth).
 14729 | Lair:5   | 14729 ||| INVOKING Heroism.
 14729 | Lair:5   | HP: 22/88 [hornet (10)]
 14730 | Lair:5   | 14730 ||| READING 7 scrolls of teleportation.
 14733 | Lair:5   | 14733 ||| DRINKING 5 potions of heal wounds.
 14804 | Lair:5   | 14804 ||| INVOKING Heroism.
 14807 | Lair:5   | 14807 ||| SWAPPING to +1 hand axe of flaming.
 14814 | Lair:5   | 14814 ||| SWAPPING to +1 spectral war axe.
 14915 | Lair:5   | 14915 ||| INVOKING Heroism.
 14920 | Lair:5   | Received a gift from Okawaru
 14929 | Lair:5   | 14929 ||| SWAPPING to +1 hand axe of flaming.
 14935 | Lair:5   | 14935 ||| SWAPPING to +1 spectral war axe.
 14988 | Lair:5   | 14988 ||| Stepping ~*~*~tactically~*~*~ (stealth).
 14990 | Lair:5   | 14990 ||| Stepping ~*~*~tactically~*~*~ (hiding).
 14994 | Lair:5   | 14994 ||| INVOKING Heroism.
 14995 | Lair:5   | 14995 ||| SWAPPING to +1 hand axe of flaming.
 15005 | Lair:5   | 15005 ||| SWAPPING to +1 spectral war axe.
 15010 | Lair:5   | 15010 ||| Stepping ~*~*~tactically~*~*~ (stealth).
 15022 | Lair:5   | 15022 ||| Stepping ~*~*~tactically~*~*~ (stealth).
 15041 | Lair:5   | 15041 ||| INVOKING Heroism.
 15054 | Lair:5   | Reached skill level 15 in Shields
 15085 | Lair:5   | 15085 ||| Stepping ~*~*~tactically~*~*~ (hiding).
 15094 | Lair:5   | 15094 ||| INVOKING Heroism.
 15100 | Lair:5   | 15100 ||| SWAPPING to +1 hand axe of flaming.
 15105 | Lair:5   | 15105 ||| SWAPPING to +1 spectral war axe.
 15219 | Lair:5   | 15219 ||| INVOKING Heroism.
 15323 | Lair:5   | 15323 ||| INVOKING Heroism.
 15668 | Lair:5   | 15668 ||| Stepping ~*~*~tactically~*~*~ (stealth).
 15732 | Lair:5   | 15732 ||| INVOKING Heroism.
 15859 | Lair:5   | 15859 ||| PLANNING D:1-11
 16010 | D:11     | Noticed Psyche
 16012 | D:11     | 16012 ||| Stepping ~*~*~tactically~*~*~ (stealth).
 16014 | D:11     | Noticed Josephine
 16016 | D:11     | Killed Psyche
 16026 | D:11     | Killed Josephine
 16036 | D:11     | 16036 ||| Stepping ~*~*~tactically~*~*~ (hiding).
 16037 | D:11     | 16037 ||| Stepping ~*~*~tactically~*~*~ (hiding).
 16038 | D:11     | 16038 ||| Stepping ~*~*~tactically~*~*~ (hiding).
 16075 | D:11     | 16075 ||| Stepping ~*~*~tactically~*~*~ (stealth).
 16115 | D:11     | Found a staircase to the Orcish Mines.
 16222 | D:11     | 16222 ||| DRINKING 4 potions of curing.
 16222 | D:11     | 16222 ||| (to cure confusion)
 16431 | D:11     | 16431 ||| INVOKING Heroism.
 16531 | D:11     | 16531 ||| INVOKING Heroism.
 16690 | D:11     | 16690 ||| PLANNING D
 16713 | D:12     | Found Ranurgh's Antique Weapon Boutique.
 16716 | D:12     | 16716 ||| BUYING runed broad axe (154 gold).
 16716 | D:12     | Bought a runed broad axe for 154 gold pieces
 16716 | D:12     | 16716 ||| DROPPING +0 heavy broad axe.
 16759 | D:12     | 16759 ||| READING scroll of enchant weapon.
 16759 | D:12     | 16759 ||| ENCHANTING +1 spectral war axe.
 16795 | D:12     | 16795 ||| Stepping ~*~*~tactically~*~*~ (hiding).
 16796 | D:12     | 16796 ||| Stepping ~*~*~tactically~*~*~ (hiding).
 16797 | D:12     | 16797 ||| Stepping ~*~*~tactically~*~*~ (hiding).
 16929 | D:12     | Found a runed translucent door.
 16932 | D:12     | Found a shimmering altar of Xom.
 16932 | D:12     | Noticed Yklotitu's ghost (journeyman CeHu)
 16932 | D:12     | Identified the +6 dire flail of the Shouting Genius {chaos,
                  | rC++ Int-2}
 16936 | D:12     | 16936 ||| Stepping ~*~*~tactically~*~*~ (stealth).
 16939 | D:12     | 16939 ||| Stepping ~*~*~tactically~*~*~ (hiding).
 16953 | D:12     | 16953 ||| Stepping ~*~*~tactically~*~*~ (stealth).
 16955 | D:12     | 16955 ||| Stepping ~*~*~tactically~*~*~ (hiding).
 16988 | D:12     | 16988 ||| INVOKING Heroism.
 16989 | D:12     | 16989 ||| INVOKING Finesse.
 16999 | D:12     | Reached XP level 15. HP: 94/94 MP: 14/22
 17071 | D:12     | 17071 ||| Stepping ~*~*~tactically~*~*~ (hiding).
 17073 | D:12     | 17073 ||| Stepping ~*~*~tactically~*~*~ (hiding).
 17080 | D:12     | Received a gift from Okawaru
 17295 | D:12     | 17295 ||| Stepping ~*~*~tactically~*~*~ (stealth).
 17297 | D:12     | 17297 ||| Stepping ~*~*~tactically~*~*~ (stealth).
 17396 | D:12     | 17396 ||| INVOKING Heroism.
 17401 | D:12     | Reached skill level 16 in Shields
 17415 | D:12     | HP: 21/94 [??? (5)]
 17420 | D:12     | HP: 17/94 [??? (4)]
 17429 | D:12     | HP: 20/94 [??? (4)]
 17431 | D:12     | 17431 ||| DRINKING 6 potions of heal wounds.
 17432 | D:12     | 17432 ||| INVOKING Heroism.
 17450 | D:12     | Received a gift from Okawaru
 17466 | D:12     | 17466 ||| INVOKING Heroism.
 17471 | D:12     | HP: 22/94 [??? (5)]
 17472 | D:12     | 17472 ||| READING 6 scrolls of teleportation.
 17474 | D:12     | 17474 ||| DRINKING 5 potions of heal wounds.
 17546 | D:12     | 17546 ||| Stepping ~*~*~tactically~*~*~ (stealth).
 17548 | D:12     | 17548 ||| Stepping ~*~*~tactically~*~*~ (hiding).
 17573 | D:12     | 17573 ||| INVOKING Heroism.
 17652 | D:12     | 17652 ||| Stepping ~*~*~tactically~*~*~ (stealth).
 17751 | D:12     | HP: 23/94 [??? (5)]
 17758 | D:12     | HP: 21/94 [??? (5)]
 17765 | D:12     | HP: 23/94 [??? (6)]
 17770 | D:12     | HP: 23/94 [??? (6)]
 17775 | D:12     | HP: 16/94 [??? (3)]
 17782 | D:12     | HP: 20/94 [??? (4)]
 17795 | D:12     | HP: 23/94 [??? (5)]
 17803 | D:12     | HP: 22/94 [??? (5)]
 17812 | D:12     | HP: 23/94 [??? (5)]
 17819 | D:12     | HP: 22/94 [??? (5)]
 17828 | D:12     | HP: 22/94 [??? (5)]
 17839 | D:12     | HP: 22/94 [??? (5)]
 17847 | D:12     | HP: 18/94 [??? (4)]
 17855 | D:12     | HP: 20/94 [??? (4)]
 17906 | D:12     | HP: 20/94 [??? (5)]
 17915 | D:12     | HP: 20/94 [??? (5)]
 17922 | D:12     | HP: 23/94 [??? (5)]
 17933 | D:12     | HP: 22/94 [??? (5)]
 17968 | D:12     | HP: 23/94 [??? (6)]
 18207 | D:12     | HP: 22/94 [??? (5)]
 18212 | D:12     | HP: 23/94 [??? (5)]
 18222 | D:12     | HP: 20/94 [??? (5)]
 18227 | D:12     | HP: 18/94 [??? (4)]
 18238 | D:12     | HP: 22/94 [??? (5)]
 18247 | D:12     | HP: 21/94 [??? (5)]
 18265 | D:12     | HP: 23/94 [??? (6)]
 18397 | D:12     | HP: 23/94 [??? (5)]
 18402 | D:12     | HP: 23/94 [??? (5)]
 18408 | D:12     | HP: 20/94 [??? (5)]
 18419 | D:12     | HP: 23/94 [??? (5)]
 18425 | D:12     | HP: 20/94 [??? (5)]
 18494 | D:12     | HP: 20/94 [??? (5)]
 18505 | D:12     | HP: 23/94 [??? (5)]
 18512 | D:12     | HP: 18/94 [??? (4)]
 18522 | D:12     | HP: 21/94 [??? (5)]
 18529 | D:12     | HP: 20/94 [??? (4)]
 18545 | D:12     | HP: 21/94 [??? (5)]
 18579 | D:12     | HP: 22/94 [??? (5)]
 18630 | D:12     | HP: 23/94 [??? (5)]
 18637 | D:12     | HP: 21/94 [??? (5)]
 18645 | D:12     | HP: 21/94 [??? (5)]
 18650 | D:12     | HP: 22/94 [??? (5)]
 18656 | D:12     | HP: 17/94 [??? (4)]
 18664 | D:12     | HP: 16/94 [??? (4)]
 18670 | D:12     | HP: 19/94 [??? (4)]
 18675 | D:12     | HP: 20/94 [??? (4)]
 18681 | D:12     | HP: 22/94 [??? (5)]
 18686 | D:12     | HP: 23/94 [??? (5)]
 18699 | D:12     | HP: 21/94 [??? (5)]
 18707 | D:12     | HP: 18/94 [??? (4)]
 18713 | D:12     | HP: 18/94 [??? (4)]
 18720 | D:12     | HP: 21/94 [??? (5)]
 18727 | D:12     | HP: 23/94 [??? (6)]
 18732 | D:12     | HP: 23/94 [??? (6)]
 18792 | D:12     | HP: 23/94 [??? (5)]
 18802 | D:12     | HP: 23/94 [??? (5)]
 18815 | D:12     | HP: 21/94 [??? (5)]
 18820 | D:12     | HP: 16/94 [??? (3)]
 18825 | D:12     | HP: 18/94 [??? (4)]
 18830 | D:12     | HP: 20/94 [??? (4)]
 18842 | D:12     | HP: 23/94 [??? (6)]
 18955 | D:12     | HP: 23/94 [??? (5)]
 18962 | D:12     | HP: 18/94 [??? (4)]
 18968 | D:12     | HP: 17/94 [??? (4)]
 18979 | D:12     | HP: 21/94 [??? (5)]
 19007 | D:12     | HP: 23/94 [??? (6)]
 19033 | D:12     | HP: 21/94 [??? (5)]
 19040 | D:12     | HP: 15/94 [??? (3)]
 19046 | D:12     | HP: 18/94 [??? (4)]
 19052 | D:12     | HP: 20/94 [??? (5)]
 19057 | D:12     | HP: 18/94 [??? (4)]
 19062 | D:12     | HP: 19/94 [??? (4)]
 19069 | D:12     | HP: 22/94 [??? (5)]
 19081 | D:12     | HP: 23/94 [??? (5)]
 19106 | D:12     | HP: 23/94 [??? (5)]
 19114 | D:12     | HP: 22/94 [??? (5)]
 19210 | D:12     | HP: 23/94 [??? (6)]
 19215 | D:12     | HP: 23/94 [??? (5)]
 19220 | D:12     | HP: 23/94 [??? (6)]
 19225 | D:12     | HP: 23/94 [??? (6)]
 19240 | D:12     | HP: 21/94 [??? (5)]
 19247 | D:12     | HP: 17/94 [??? (4)]
 19257 | D:12     | HP: 23/94 [??? (6)]
 19264 | D:12     | HP: 21/94 [??? (5)]
 19274 | D:12     | HP: 21/94 [??? (5)]
 19281 | D:12     | HP: 20/94 [??? (5)]
 19292 | D:12     | HP: 23/94 [??? (6)]
 19309 | D:12     | HP: 23/94 [??? (5)]
 19328 | D:12     | HP: 22/94 [??? (5)]
 19333 | D:12     | HP: 16/94 [??? (4)]
 19348 | D:12     | HP: 22/94 [??? (5)]
 19360 | D:12     | HP: 23/94 [??? (5)]
 19365 | D:12     | HP: 16/94 [??? (4)]
 19372 | D:12     | HP: 20/94 [??? (4)]
 19422 | D:12     | HP: 21/94 [??? (5)]
 19430 | D:12     | HP: 22/94 [??? (5)]
 19435 | D:12     | HP: 16/94 [??? (3)]
 19442 | D:12     | HP: 20/94 [??? (4)]
 19452 | D:12     | HP: 23/94 [??? (5)]
 19492 | D:12     | HP: 20/94 [??? (5)]
 19499 | D:12     | HP: 23/94 [??? (5)]
 19568 | D:12     | HP: 22/94 [??? (5)]
 19589 | D:12     | HP: 21/94 [??? (5)]
 19594 | D:12     | HP: 18/94 [??? (4)]
 19612 | D:12     | HP: 21/94 [??? (5)]
 19624 | D:12     | HP: 23/94 [??? (6)]
 19632 | D:12     | HP: 22/94 [??? (5)]
 19639 | D:12     | HP: 20/94 [??? (5)]
 19646 | D:12     | HP: 23/94 [??? (5)]
 19677 | D:12     | HP: 22/94 [??? (5)]
 19682 | D:12     | HP: 16/94 [??? (3)]
 19689 | D:12     | HP: 20/94 [??? (4)]
 19696 | D:12     | HP: 23/94 [??? (6)]
 19705 | D:12     | HP: 22/94 [??? (5)]
 19710 | D:12     | HP: 20/94 [??? (4)]
 19717 | D:12     | HP: 20/94 [??? (4)]
 19722 | D:12     | HP: 17/94 [??? (4)]
 19727 | D:12     | HP: 19/94 [??? (4)]
 19735 | D:12     | HP: 16/94 [??? (4)]
 19786 | D:12     | HP: 23/94 [??? (6)]
 19791 | D:12     | HP: 20/94 [??? (4)]
 19798 | D:12     | HP: 23/94 [??? (5)]
 19805 | D:12     | HP: 21/94 [??? (5)]
 19815 | D:12     | HP: 23/94 [??? (5)]
 19820 | D:12     | HP: 20/94 [??? (4)]
 19827 | D:12     | HP: 23/94 [??? (5)]
 19840 | D:12     | HP: 21/94 [??? (5)]
 19845 | D:12     | HP: 22/94 [??? (5)]
 19893 | D:12     | HP: 23/94 [??? (5)]
 19899 | D:12     | HP: 21/94 [??? (5)]
 19910 | D:12     | HP: 21/94 [??? (5)]
 19917 | D:12     | HP: 23/94 [??? (6)]
 20015 | D:12     | HP: 20/94 [??? (5)]
 20020 | D:12     | HP: 18/94 [??? (4)]
 20025 | D:12     | HP: 16/94 [??? (4)]
 20033 | D:12     | HP: 20/94 [??? (5)]
 20045 | D:12     | HP: 23/94 [??? (5)]
 20052 | D:12     | HP: 19/94 [??? (4)]
 20062 | D:12     | HP: 19/94 [??? (4)]
 20068 | D:12     | HP: 21/94 [??? (5)]
 20078 | D:12     | HP: 20/94 [??? (5)]
 20085 | D:12     | HP: 16/94 [??? (4)]
 20093 | D:12     | HP: 20/94 [??? (5)]
 20103 | D:12     | HP: 22/94 [??? (5)]
 20117 | D:12     | HP: 21/94 [??? (5)]
 20124 | D:12     | HP: 23/94 [??? (6)]
 20129 | D:12     | HP: 19/94 [??? (4)]
 20135 | D:12     | HP: 21/94 [??? (5)]
 20176 | D:12     | HP: 23/94 [??? (6)]
 20181 | D:12     | HP: 19/94 [??? (4)]
 20315 | D:12     | HP: 22/94 [??? (5)]
 20408 | D:12     | HP: 22/94 [??? (5)]
 20416 | D:12     | HP: 19/94 [??? (4)]
 20425 | D:12     | HP: 23/94 [??? (6)]
 20435 | D:12     | HP: 23/94 [??? (6)]
 20462 | D:12     | HP: 22/94 [??? (5)]
 20467 | D:12     | HP: 16/94 [??? (3)]
 20473 | D:12     | HP: 14/94 [??? (3)]
 20478 | D:12     | HP: 14/94 [??? (3)]
 20485 | D:12     | HP: 18/94 [??? (4)]
 20493 | D:12     | HP: 19/94 [??? (4)]
 20498 | D:12     | HP: 17/94 [??? (4)]
 20509 | D:12     | HP: 21/94 [??? (5)]
 20515 | D:12     | HP: 20/94 [??? (4)]
 20522 | D:12     | HP: 20/94 [??? (4)]
 20528 | D:12     | HP: 22/94 [??? (5)]
 20534 | D:12     | HP: 20/94 [??? (4)]
 20542 | D:12     | HP: 17/94 [??? (4)]
 20550 | D:12     | HP: 19/94 [??? (4)]
 20587 | D:12     | HP: 23/94 [??? (6)]
 20592 | D:12     | HP: 20/94 [??? (5)]
 20598 | D:12     | HP: 18/94 [??? (4)]
 20607 | D:12     | HP: 20/94 [??? (4)]
 20613 | D:12     | HP: 22/94 [??? (5)]
 20618 | D:12     | HP: 23/94 [??? (5)]
 20624 | D:12     | HP: 20/94 [??? (5)]
 20631 | D:12     | HP: 23/94 [??? (5)]
 20645 | D:12     | HP: 23/94 [??? (5)]
 20661 | D:12     | HP: 23/94 [??? (6)]
 20669 | D:12     | HP: 19/94 [??? (4)]
 20675 | D:12     | HP: 16/94 [??? (3)]
 20681 | D:12     | HP: 16/94 [??? (4)]
 20687 | D:12     | HP: 19/94 [??? (4)]
 20692 | D:12     | HP: 17/94 [??? (4)]
 20697 | D:12     | HP: 16/94 [??? (3)]
 20708 | D:12     | HP: 18/94 [??? (4)]
 20713 | D:12     | HP: 15/94 [??? (3)]
 20923 | D:12     | HP: 23/94 [??? (5)]
 21029 | D:12     | HP: 22/94 [??? (5)]
 21035 | D:12     | HP: 20/94 [??? (4)]
 21042 | D:12     | HP: 23/94 [??? (5)]
 21053 | D:12     | HP: 23/94 [??? (6)]
 21058 | D:12     | HP: 23/94 [??? (6)]
 21068 | D:12     | HP: 23/94 [??? (6)]
 21083 | D:12     | HP: 23/94 [??? (6)]
 21088 | D:12     | HP: 20/94 [??? (4)]
 21097 | D:12     | HP: 21/94 [??? (5)]
 21102 | D:12     | HP: 16/94 [??? (3)]
 21107 | D:12     | HP: 18/94 [??? (4)]
 21112 | D:12     | HP: 16/94 [??? (4)]
 21118 | D:12     | HP: 19/94 [??? (4)]
 21132 | D:12     | HP: 23/94 [??? (5)]
 21137 | D:12     | HP: 23/94 [??? (6)]
 21142 | D:12     | HP: 19/94 [??? (4)]
 21149 | D:12     | HP: 19/94 [??? (4)]
 21165 | D:12     | HP: 23/94 [??? (5)]
 21174 | D:12     | HP: 23/94 [??? (6)]
 21183 | D:12     | HP: 23/94 [??? (6)]
 21188 | D:12     | HP: 23/94 [??? (5)]
 21195 | D:12     | HP: 21/94 [??? (5)]
 21200 | D:12     | HP: 22/94 [??? (5)]
 21270 | D:12     | HP: 23/94 [??? (6)]
 21360 | D:12     | HP: 21/94 [??? (5)]
 21372 | D:12     | HP: 23/94 [??? (6)]
 21378 | D:12     | HP: 21/94 [??? (5)]
 21386 | D:12     | HP: 21/94 [??? (5)]
 21403 | D:12     | HP: 23/94 [??? (6)]
 21416 | D:12     | HP: 23/94 [??? (6)]
 21424 | D:12     | HP: 21/94 [??? (5)]
 21435 | D:12     | HP: 20/94 [??? (5)]
 21507 | D:12     | HP: 23/94 [??? (5)]
 21547 | D:12     | HP: 23/94 [??? (6)]
 21552 | D:12     | HP: 23/94 [??? (6)]
 21565 | D:12     | HP: 21/94 [??? (5)]
 21578 | D:12     | HP: 20/94 [??? (5)]
 21588 | D:12     | HP: 22/94 [??? (5)]
 21594 | D:12     | HP: 20/94 [??? (4)]
 21624 | D:12     | HP: 23/94 [??? (6)]
 21656 | D:12     | 21656 ||| INVOKING Heroism.
 21670 | D:12     | HP: 23/94 [??? (6)]
 21675 | D:12     | HP: 23/94 [??? (6)]
 21696 | D:12     | HP: 21/94 [??? (5)]
 21702 | D:12     | HP: 19/94 [??? (4)]
 21738 | D:12     | HP: 23/94 [??? (5)]
 21743 | D:12     | HP: 20/94 [??? (4)]
 21783 | D:12     | HP: 21/94 [??? (5)]
 21796 | D:12     | HP: 23/94 [??? (6)]
 21804 | D:12     | HP: 23/94 [??? (5)]
 21810 | D:12     | HP: 17/94 [??? (4)]
 21822 | D:12     | HP: 20/94 [??? (4)]
 21830 | D:12     | HP: 23/94 [??? (6)]
 21836 | D:12     | HP: 20/94 [??? (5)]
 21846 | D:12     | HP: 23/94 [??? (5)]
 21862 | D:12     | HP: 23/94 [??? (5)]
 21870 | D:12     | HP: 22/94 [??? (5)]
 21917 | D:12     | HP: 23/94 [??? (6)]
 21940 | D:12     | HP: 23/94 [??? (6)]
 21945 | D:12     | HP: 23/94 [??? (6)]
 21966 | D:12     | HP: 22/94 [??? (5)]
 21976 | D:12     | HP: 23/94 [??? (5)]
 22009 | D:12     | HP: 22/94 [??? (5)]
 22014 | D:12     | HP: 20/94 [??? (4)]
 22020 | D:12     | HP: 22/94 [??? (5)]
 22053 | D:12     | HP: 23/94 [??? (5)]
 22060 | D:12     | HP: 20/94 [??? (5)]
 22074 | D:12     | HP: 23/94 [??? (6)]
 22116 | D:12     | HP: 20/94 [??? (5)]
 22129 | D:12     | HP: 23/94 [??? (6)]
 22134 | D:12     | HP: 14/94 [??? (3)]
 22140 | D:12     | HP: 17/94 [??? (4)]
 22146 | D:12     | HP: 20/94 [??? (4)]
 22163 | D:12     | HP: 22/94 [??? (5)]
 22168 | D:12     | HP: 19/94 [??? (4)]
 22177 | D:12     | HP: 20/94 [??? (5)]
 22182 | D:12     | HP: 21/94 [??? (5)]
 22193 | D:12     | HP: 23/94 [??? (6)]
 22203 | D:12     | HP: 20/94 [??? (5)]
 22210 | D:12     | HP: 20/94 [??? (4)]
 22220 | D:12     | HP: 22/94 [??? (5)]
 22260 | D:12     | HP: 22/94 [??? (5)]
 22266 | D:12     | HP: 23/94 [??? (6)]
 22275 | D:12     | HP: 23/94 [??? (5)]
 22333 | D:12     | HP: 23/94 [??? (6)]
 22350 | D:12     | HP: 23/94 [??? (5)]
 22370 | D:12     | HP: 23/94 [??? (5)]
 22376 | D:12     | HP: 20/94 [??? (5)]
 22382 | D:12     | HP: 22/94 [??? (5)]
 22389 | D:12     | HP: 21/94 [??? (5)]
 22395 | D:12     | HP: 16/94 [??? (4)]
 22410 | D:12     | HP: 23/94 [??? (6)]
 22415 | D:12     | HP: 20/94 [??? (4)]
 22447 | D:12     | HP: 23/94 [??? (6)]
 22456 | D:12     | HP: 22/94 [??? (5)]
 22481 | D:12     | HP: 21/94 [??? (5)]
 22487 | D:12     | HP: 23/94 [??? (5)]
 22501 | D:12     | HP: 23/94 [??? (5)]
 22510 | D:12     | HP: 23/94 [??? (6)]
 22518 | D:12     | HP: 22/94 [??? (5)]
 22523 | D:12     | HP: 23/94 [??? (5)]
 22602 | D:12     | HP: 23/94 [??? (5)]
 22607 | D:12     | HP: 23/94 [??? (6)]
 22638 | D:12     | HP: 23/94 [??? (6)]
 22643 | D:12     | HP: 20/94 [??? (4)]
 22650 | D:12     | HP: 20/94 [??? (4)]
 22656 | D:12     | HP: 16/94 [??? (4)]
 22661 | D:12     | HP: 15/94 [??? (3)]
 22666 | D:12     | HP: 17/94 [??? (4)]
 22675 | D:12     | HP: 16/94 [??? (3)]
 22680 | D:12     | HP: 18/94 [??? (4)]
 22743 | D:12     | HP: 21/94 [??? (5)]
 22750 | D:12     | HP: 17/94 [??? (4)]
 22758 | D:12     | HP: 18/94 [??? (4)]
 22763 | D:12     | HP: 20/94 [??? (4)]
 22773 | D:12     | HP: 20/94 [??? (5)]
 22784 | D:12     | HP: 21/94 [??? (5)]
 22850 | D:12     | HP: 23/94 [??? (5)]
 22864 | D:12     | HP: 22/94 [??? (5)]
 22871 | D:12     | HP: 16/94 [??? (3)]
 22876 | D:12     | HP: 16/94 [??? (3)]
 22881 | D:12     | HP: 13/94 [??? (3)]
 22886 | D:12     | HP: 16/94 [??? (3)]
 22895 | D:12     | HP: 19/94 [??? (4)]
 22903 | D:12     | HP: 17/94 [??? (4)]
 22941 | D:12     | HP: 23/94 [??? (5)]
 22946 | D:12     | HP: 23/94 [??? (6)]
 22954 | D:12     | HP: 21/94 [??? (5)]
 22959 | D:12     | HP: 18/94 [??? (4)]
 22969 | D:12     | HP: 16/94 [??? (4)]
 23066 | D:12     | HP: 23/94 [??? (5)]
 23071 | D:12     | HP: 20/94 [??? (4)]
 23084 | D:12     | HP: 23/94 [??? (6)]
 23233 | D:12     | HP: 22/94 [??? (5)]
 23242 | D:12     | HP: 23/94 [??? (5)]
 23247 | D:12     | HP: 14/94 [??? (3)]
 23252 | D:12     | HP: 16/94 [??? (4)]
 23260 | D:12     | HP: 16/94 [??? (3)]
 23270 | D:12     | HP: 17/94 [??? (4)]
 23275 | D:12     | HP: 16/94 [??? (4)]
 23284 | D:12     | HP: 15/94 [??? (3)]
 23291 | D:12     | HP: 19/94 [??? (4)]
 23300 | D:12     | HP: 21/94 [??? (5)]
 23305 | D:12     | HP: 19/94 [??? (4)]
 23310 | D:12     | HP: 16/94 [??? (4)]
 23321 | D:12     | HP: 23/94 [??? (6)]
 23564 | D:12     | HP: 22/94 [??? (5)]
 23570 | D:12     | HP: 20/94 [??? (5)]
 23585 | D:12     | HP: 23/94 [??? (5)]
 23590 | D:12     | HP: 23/94 [??? (5)]
 23628 | D:12     | HP: 23/94 [??? (6)]
 23641 | D:12     | HP: 23/94 [??? (6)]
 23687 | D:12     | HP: 23/94 [??? (5)]
 23693 | D:12     | HP: 20/94 [??? (5)]
 23700 | D:12     | HP: 23/94 [??? (5)]
 23713 | D:12     | HP: 21/94 [??? (5)]
 23757 | D:12     | HP: 23/94 [??? (5)]
 23777 | D:12     | HP: 20/94 [??? (5)]
 23843 | D:12     | HP: 23/94 [??? (6)]
 23853 | D:12     | HP: 23/94 [??? (5)]
 23859 | D:12     | HP: 20/94 [??? (5)]
 23864 | D:12     | HP: 17/94 [??? (4)]
 23872 | D:12     | HP: 19/94 [??? (4)]
 23877 | D:12     | HP: 20/94 [??? (4)]
 23882 | D:12     | HP: 17/94 [??? (4)]
 23907 | D:12     | HP: 20/94 [??? (5)]
 23924 | D:12     | HP: 20/94 [??? (5)]
 23930 | D:12     | HP: 19/94 [??? (4)]
 23943 | D:12     | HP: 23/94 [??? (5)]
 23953 | D:12     | HP: 19/94 [??? (4)]
 23960 | D:12     | HP: 15/94 [??? (3)]
 23966 | D:12     | HP: 16/94 [??? (3)]
 23972 | D:12     | HP: 16/94 [??? (4)]
 23979 | D:12     | HP: 20/94 [??? (4)]
 23990 | D:12     | HP: 23/94 [??? (5)]
 23998 | D:12     | HP: 21/94 [??? (5)]
 24006 | D:12     | HP: 22/94 [??? (5)]
 24015 | D:12     | HP: 21/94 [??? (5)]
 24025 | D:12     | HP: 22/94 [??? (5)]
 24031 | D:12     | HP: 23/94 [??? (5)]
 24037 | D:12     | HP: 20/94 [??? (5)]
 24043 | D:12     | HP: 22/94 [??? (5)]
 24049 | D:12     | HP: 20/94 [??? (5)]
 24056 | D:12     | HP: 23/94 [??? (5)]
 24077 | D:12     | HP: 23/94 [??? (5)]
 24090 | D:12     | HP: 20/94 [??? (5)]
 24102 | D:12     | HP: 23/94 [??? (5)]
 24112 | D:12     | HP: 23/94 [??? (6)]
 24137 | D:12     | HP: 23/94 [??? (6)]
 24144 | D:12     | HP: 22/94 [??? (5)]
 24151 | D:12     | HP: 18/94 [??? (4)]
 24160 | D:12     | HP: 23/94 [??? (6)]
 24181 | D:12     | HP: 23/94 [??? (5)]
 24206 | D:12     | HP: 22/94 [??? (5)]
 24250 | D:12     | HP: 23/94 [??? (6)]
 24293 | D:12     | HP: 23/94 [??? (5)]
 24306 | D:12     | HP: 22/94 [??? (5)]
 24311 | D:12     | HP: 22/94 [??? (5)]
 24316 | D:12     | HP: 23/94 [??? (5)]
 24423 | D:12     | HP: 23/94 [??? (6)]
 24428 | D:12     | HP: 23/94 [??? (6)]
 24443 | D:12     | HP: 22/94 [??? (5)]
 24456 | D:12     | HP: 21/94 [??? (5)]
 24463 | D:12     | HP: 20/94 [??? (5)]
 24468 | D:12     | HP: 21/94 [??? (5)]
 24480 | D:12     | HP: 23/94 [??? (5)]
 24488 | D:12     | HP: 21/94 [??? (5)]
 24527 | D:12     | HP: 21/94 [??? (5)]
 24532 | D:12     | HP: 22/94 [??? (5)]
 24540 | D:12     | HP: 21/94 [??? (5)]
 24546 | D:12     | HP: 20/94 [??? (4)]
 24553 | D:12     | HP: 20/94 [??? (4)]
 24558 | D:12     | HP: 17/94 [??? (4)]
 24564 | D:12     | HP: 16/94 [??? (4)]
 24572 | D:12     | HP: 16/94 [??? (4)]
 24581 | D:12     | HP: 17/94 [??? (4)]
 24587 | D:12     | HP: 16/94 [??? (4)]
 24596 | D:12     | HP: 21/94 [??? (5)]
 24607 | D:12     | HP: 23/94 [??? (5)]
 24615 | D:12     | HP: 23/94 [??? (5)]
 24623 | D:12     | HP: 22/94 [??? (5)]
 24632 | D:12     | HP: 21/94 [??? (5)]
 24638 | D:12     | HP: 16/94 [??? (3)]
 24644 | D:12     | HP: 19/94 [??? (4)]
 24650 | D:12     | HP: 21/94 [??? (5)]
 24659 | D:12     | HP: 23/94 [??? (5)]
 24688 | D:12     | HP: 21/94 [??? (5)]
 24697 | D:12     | HP: 22/94 [??? (5)]
 24711 | D:12     | HP: 23/94 [??? (6)]
 24820 | D:12     | HP: 23/94 [??? (5)]
 24825 | D:12     | HP: 20/94 [??? (5)]
 24834 | D:12     | HP: 21/94 [??? (5)]
 24840 | D:12     | HP: 23/94 [??? (5)]
 24845 | D:12     | HP: 23/94 [??? (6)]
 24876 | D:12     | HP: 23/94 [??? (6)]
 24941 | D:12     | HP: 23/94 [??? (6)]
 24976 | D:12     | HP: 22/94 [??? (5)]
 24983 | D:12     | HP: 21/94 [??? (5)]
 24990 | D:12     | HP: 23/94 [??? (6)]
 25084 | D:12     | HP: 23/94 [??? (6)]
 25089 | D:12     | HP: 23/94 [??? (6)]
 25096 | D:12     | HP: 16/94 [??? (3)]
 25106 | D:12     | HP: 17/94 [??? (4)]
 25116 | D:12     | HP: 20/94 [??? (5)]
 25192 | D:12     | HP: 23/94 [??? (5)]
 25297 | D:12     | HP: 21/94 [??? (5)]
 25304 | D:12     | HP: 23/94 [??? (6)]
 25367 | D:12     | HP: 23/94 [??? (6)]
 25377 | D:12     | HP: 23/94 [??? (5)]
 25385 | D:12     | HP: 23/94 [??? (5)]
 25398 | D:12     | HP: 21/94 [??? (5)]
 25405 | D:12     | HP: 21/94 [??? (5)]
 25410 | D:12     | HP: 18/94 [??? (4)]
 25420 | D:12     | HP: 17/94 [??? (4)]
 25425 | D:12     | HP: 16/94 [??? (4)]
 25430 | D:12     | HP: 15/94 [??? (3)]
 25440 | D:12     | HP: 20/94 [??? (4)]
 25447 | D:12     | HP: 17/94 [??? (4)]
 25453 | D:12     | HP: 20/94 [??? (4)]
 25458 | D:12     | HP: 20/94 [??? (5)]
 25470 | D:12     | HP: 23/94 [??? (5)]
 25500 | D:12     | HP: 22/94 [??? (5)]
 25526 | D:12     | HP: 22/94 [??? (5)]
 25532 | D:12     | HP: 20/94 [??? (5)]
 25547 | D:12     | HP: 22/94 [??? (5)]
 25630 | D:12     | HP: 23/94 [??? (6)]
 25650 | D:12     | HP: 23/94 [??? (5)]
 25660 | D:12     | HP: 23/94 [??? (6)]
 25676 | D:12     | HP: 23/94 [??? (5)]
 25713 | D:12     | HP: 23/94 [??? (6)]
 25720 | D:12     | HP: 18/94 [??? (4)]
 25725 | D:12     | HP: 16/94 [??? (4)]
 25733 | D:12     | HP: 20/94 [??? (5)]
 25739 | D:12     | HP: 19/94 [??? (4)]
 25745 | D:12     | HP: 21/94 [??? (5)]
 25752 | D:12     | HP: 23/94 [??? (6)]
 25820 | D:12     | HP: 23/94 [??? (5)]
 25833 | D:12     | HP: 21/94 [??? (5)]
 25840 | D:12     | HP: 20/94 [??? (5)]
 25847 | D:12     | HP: 20/94 [??? (4)]
 25854 | D:12     | HP: 16/94 [??? (4)]
 25860 | D:12     | HP: 19/94 [??? (4)]
 25865 | D:12     | HP: 20/94 [??? (5)]
 25872 | D:12     | HP: 17/94 [??? (4)]
 25879 | D:12     | HP: 20/94 [??? (5)]
 25885 | D:12     | HP: 19/94 [??? (4)]
 25907 | D:12     | HP: 23/94 [??? (5)]
 25917 | D:12     | HP: 23/94 [??? (5)]
 25935 | D:12     | HP: 23/94 [??? (6)]
 25983 | D:12     | HP: 23/94 [??? (5)]
 26006 | D:12     | HP: 23/94 [??? (6)]
 26076 | D:12     | HP: 22/94 [??? (5)]
 26084 | D:12     | HP: 19/94 [??? (4)]
 26092 | D:12     | HP: 23/94 [??? (6)]
 26098 | D:12     | HP: 23/94 [??? (6)]
 26106 | D:12     | HP: 23/94 [??? (5)]
 26111 | D:12     | HP: 23/94 [??? (5)]
 26118 | D:12     | HP: 21/94 [??? (5)]
 26129 | D:12     | HP: 23/94 [??? (5)]
 26139 | D:12     | HP: 22/94 [??? (5)]
 26146 | D:12     | HP: 20/94 [??? (5)]
 26154 | D:12     | HP: 23/94 [??? (6)]
 26180 | D:12     | HP: 23/94 [??? (6)]
 26206 | D:12     | HP: 21/94 [??? (5)]
 26213 | D:12     | HP: 23/94 [??? (6)]
 26243 | D:12     | HP: 23/94 [??? (6)]
 26256 | D:12     | HP: 23/94 [??? (5)]
 26261 | D:12     | HP: 20/94 [??? (4)]
 26266 | D:12     | HP: 15/94 [??? (3)]
 26273 | D:12     | HP: 19/94 [??? (4)]
 26279 | D:12     | HP: 21/94 [??? (5)]
 26314 | D:12     | HP: 23/94 [??? (6)]
 26323 | D:12     | HP: 23/94 [??? (6)]
 26421 | D:12     | HP: 23/94 [??? (6)]
 26426 | D:12     | HP: 23/94 [??? (6)]
 26431 | D:12     | HP: 19/94 [??? (4)]
 26444 | D:12     | HP: 23/94 [??? (5)]
 26453 | D:12     | HP: 23/94 [??? (5)]
 26470 | D:12     | HP: 22/94 [??? (5)]
 26486 | D:12     | HP: 23/94 [??? (5)]
 26510 | D:12     | HP: 23/94 [??? (6)]
 26516 | D:12     | HP: 20/94 [??? (5)]
 26523 | D:12     | HP: 14/94 [??? (3)]
 26530 | D:12     | HP: 16/94 [??? (3)]
 26536 | D:12     | HP: 14/94 [??? (3)]
 26544 | D:12     | HP: 19/94 [??? (4)]
 26556 | D:12     | HP: 23/94 [??? (6)]
 26564 | D:12     | HP: 22/94 [??? (5)]
 26591 | D:12     | HP: 23/94 [??? (5)]
 26602 | D:12     | HP: 22/94 [??? (5)]
 26608 | D:12     | HP: 20/94 [??? (5)]
 26637 | D:12     | HP: 21/94 [??? (5)]
 26658 | D:12     | HP: 21/94 [??? (5)]
 26663 | D:12     | HP: 16/94 [??? (3)]
 26683 | D:12     | HP: 22/94 [??? (5)]
 26688 | D:12     | HP: 20/94 [??? (4)]
 26700 | D:12     | HP: 23/94 [??? (5)]
 26708 | D:12     | HP: 22/94 [??? (5)]
 26714 | D:12     | HP: 17/94 [??? (4)]
 26719 | D:12     | HP: 16/94 [??? (3)]
 26726 | D:12     | HP: 17/94 [??? (4)]
 26745 | D:12     | HP: 23/94 [??? (6)]
 26771 | D:12     | HP: 21/94 [??? (5)]
 26786 | D:12     | HP: 23/94 [??? (5)]
 26791 | D:12     | HP: 23/94 [??? (5)]
 26815 | D:12     | HP: 20/94 [??? (5)]
 26823 | D:12     | HP: 20/94 [??? (5)]
 26830 | D:12     | HP: 23/94 [??? (5)]
 26844 | D:12     | HP: 22/94 [??? (5)]
 26876 | D:12     | HP: 22/94 [??? (5)]
 26881 | D:12     | HP: 23/94 [??? (5)]
 26886 | D:12     | HP: 23/94 [??? (6)]
 26896 | D:12     | HP: 23/94 [??? (5)]
 26903 | D:12     | HP: 18/94 [??? (4)]
 26910 | D:12     | HP: 18/94 [??? (4)]
 26916 | D:12     | HP: 15/94 [??? (3)]
 26925 | D:12     | HP: 21/94 [??? (5)]
 26935 | D:12     | HP: 20/94 [??? (4)]
 26940 | D:12     | HP: 21/94 [??? (5)]
 26956 | D:12     | HP: 21/94 [??? (5)]
 26977 | D:12     | HP: 21/94 [??? (5)]
 26991 | D:12     | HP: 23/94 [??? (5)]
 27000 | D:12     | HP: 20/94 [??? (5)]
 27008 | D:12     | HP: 20/94 [??? (5)]
 27014 | D:12     | HP: 22/94 [??? (5)]
 27025 | D:12     | HP: 23/94 [??? (6)]
 27050 | D:12     | HP: 23/94 [??? (5)]
 27056 | D:12     | HP: 17/94 [??? (4)]
 27064 | D:12     | HP: 16/94 [??? (4)]
 27073 | D:12     | HP: 22/94 [??? (5)]
 27080 | D:12     | HP: 17/94 [??? (4)]
 27086 | D:12     | HP: 20/94 [??? (4)]
 27097 | D:12     | HP: 23/94 [??? (5)]
 27102 | D:12     | HP: 23/94 [??? (6)]
 27108 | D:12     | HP: 15/94 [??? (3)]
 27146 | D:12     | HP: 20/94 [??? (5)]
 27153 | D:12     | HP: 23/94 [??? (5)]
 27197 | D:12     | HP: 21/94 [??? (5)]
 27404 | D:12     | HP: 23/94 [??? (5)]
 27416 | D:12     | HP: 20/94 [??? (5)]
 27429 | D:12     | HP: 23/94 [??? (6)]
 27443 | D:12     | HP: 22/94 [??? (5)]
 27450 | D:12     | HP: 20/94 [??? (5)]
 27466 | D:12     | HP: 23/94 [??? (6)]
 27471 | D:12     | HP: 13/94 [??? (3)]
 27476 | D:12     | HP: 16/94 [??? (3)]
 27483 | D:12     | HP: 16/94 [??? (4)]
 27489 | D:12     | HP: 14/94 [??? (3)]
 27502 | D:12     | HP: 22/94 [??? (5)]
 27515 | D:12     | HP: 23/94 [??? (6)]
 27531 | D:12     | HP: 23/94 [??? (5)]
 27536 | D:12     | HP: 23/94 [??? (6)]
 27547 | D:12     | HP: 23/94 [??? (6)]
 27557 | D:12     | HP: 21/94 [??? (5)]
 27562 | D:12     | HP: 18/94 [??? (4)]
 27568 | D:12     | HP: 17/94 [??? (4)]
 27576 | D:12     | HP: 18/94 [??? (4)]
 27588 | D:12     | HP: 23/94 [??? (5)]
 27597 | D:12     | HP: 17/94 [??? (4)]
 27603 | D:12     | HP: 20/94 [??? (4)]
 27700 | D:12     | HP: 23/94 [??? (5)]
 27706 | D:12     | HP: 18/94 [??? (4)]
 27750 | D:12     | HP: 20/94 [??? (5)]
 27756 | D:12     | HP: 18/94 [??? (4)]
 27762 | D:12     | HP: 20/94 [??? (5)]
 27770 | D:12     | HP: 23/94 [??? (6)]
 27776 | D:12     | HP: 20/94 [??? (4)]
 27788 | D:12     | HP: 23/94 [??? (5)]
 27796 | D:12     | HP: 21/94 [??? (5)]
 27805 | D:12     | HP: 22/94 [??? (5)]
 27862 | D:12     | HP: 23/94 [??? (6)]
 27867 | D:12     | HP: 23/94 [??? (6)]
 27956 | D:12     | HP: 22/94 [??? (5)]
 27972 | D:12     | HP: 23/94 [??? (5)]
 27998 | D:12     | HP: 22/94 [??? (5)]
 28004 | D:12     | HP: 20/94 [??? (4)]
 28013 | D:12     | HP: 22/94 [??? (5)]
 28020 | D:12     | HP: 21/94 [??? (5)]
 28030 | D:12     | HP: 17/94 [??? (4)]
 28035 | D:12     | HP: 19/94 [??? (4)]
 28045 | D:12     | HP: 22/94 [??? (5)]
 28052 | D:12     | HP: 21/94 [??? (5)]
 28060 | D:12     | HP: 19/94 [??? (4)]
 28067 | D:12     | HP: 19/94 [??? (4)]
 28072 | D:12     | HP: 17/94 [??? (4)]
 28097 | D:12     | HP: 23/94 [??? (6)]
 28139 | D:12     | HP: 21/94 [??? (5)]
 28146 | D:12     | HP: 23/94 [??? (6)]
 28164 | D:12     | HP: 23/94 [??? (6)]
 28183 | D:12     | HP: 23/94 [??? (5)]
 28195 | D:12     | HP: 21/94 [??? (5)]
 28204 | D:12     | HP: 22/94 [??? (5)]
 28212 | D:12     | HP: 19/94 [??? (4)]
 28222 | D:12     | HP: 21/94 [??? (5)]
 28233 | D:12     | HP: 23/94 [??? (5)]
 28240 | D:12     | HP: 19/94 [??? (4)]
 28249 | D:12     | HP: 20/94 [??? (5)]
 28299 | D:12     | HP: 21/94 [??? (5)]
 28336 | D:12     | HP: 22/94 [??? (5)]
 28344 | D:12     | HP: 21/94 [??? (5)]
 28350 | D:12     | HP: 19/94 [??? (4)]
 28357 | D:12     | HP: 19/94 [??? (4)]
 28362 | D:12     | HP: 20/94 [??? (5)]
 28375 | D:12     | HP: 23/94 [??? (5)]
 28482 | D:12     | HP: 22/94 [??? (5)]
 28528 | D:12     | HP: 21/94 [??? (5)]
 28543 | D:12     | HP: 23/94 [??? (5)]
 28553 | D:12     | HP: 19/94 [??? (4)]
 28558 | D:12     | HP: 13/94 [??? (2)]
 28575 | D:12     | HP: 21/94 [??? (5)]
 28596 | D:12     | HP: 21/94 [??? (5)]
 28606 | D:12     | HP: 23/94 [??? (6)]
 28613 | D:12     | HP: 18/94 [??? (4)]
 28627 | D:12     | HP: 23/94 [??? (5)]
 28775 | D:12     | HP: 23/94 [??? (6)]
 28781 | D:12     | HP: 20/94 [??? (5)]
 28786 | D:12     | HP: 16/94 [??? (3)]
 28799 | D:12     | HP: 22/94 [??? (5)]
 28804 | D:12     | HP: 15/94 [??? (3)]
 28815 | D:12     | HP: 18/94 [??? (4)]
 28820 | D:12     | HP: 16/94 [??? (4)]
 28825 | D:12     | HP: 16/94 [??? (3)]
 28835 | D:12     | HP: 20/94 [??? (4)]
 28840 | D:12     | HP: 15/94 [??? (3)]
 28846 | D:12     | HP: 16/94 [??? (3)]
 28851 | D:12     | HP: 17/94 [??? (4)]
 28988 | D:12     | HP: 23/94 [??? (6)]
 28993 | D:12     | HP: 20/94 [??? (4)]
 29047 | D:12     | HP: 23/94 [??? (6)]
 29055 | D:12     | HP: 22/94 [??? (5)]
 29060 | D:12     | HP: 23/94 [??? (5)]
 29073 | D:12     | HP: 23/94 [??? (5)]
 29079 | D:12     | HP: 18/94 [??? (4)]
 29090 | D:12     | HP: 22/94 [??? (5)]
 29096 | D:12     | HP: 20/94 [??? (4)]
 29103 | D:12     | HP: 20/94 [??? (4)]
 29116 | D:12     | HP: 23/94 [??? (6)]
 29122 | D:12     | HP: 20/94 [??? (5)]
 29144 | D:12     | HP: 23/94 [??? (6)]
 29166 | D:12     | HP: 23/94 [??? (5)]
 29177 | D:12     | HP: 23/94 [??? (6)]
 29187 | D:12     | HP: 19/94 [??? (4)]
 29193 | D:12     | HP: 18/94 [??? (4)]
 29199 | D:12     | HP: 17/94 [??? (4)]
 29208 | D:12     | HP: 20/94 [??? (4)]
 29213 | D:12     | HP: 18/94 [??? (4)]
 29219 | D:12     | HP: 16/94 [??? (3)]
 29224 | D:12     | HP: 13/94 [??? (2)]
 29236 | D:12     | HP: 22/94 [??? (5)]
 29314 | D:12     | HP: 23/94 [??? (5)]
 29378 | D:12     | HP: 22/94 [??? (5)]
 29384 | D:12     | HP: 17/94 [??? (4)]
 29390 | D:12     | HP: 16/94 [??? (4)]
 29397 | D:12     | HP: 20/94 [??? (4)]
 29408 | D:12     | HP: 20/94 [??? (5)]
 29413 | D:12     | HP: 21/94 [??? (5)]
 29420 | D:12     | HP: 20/94 [??? (5)]
 29425 | D:12     | HP: 21/94 [??? (5)]
 29436 | D:12     | HP: 23/94 [??? (6)]
 29460 | D:12     | HP: 23/94 [??? (6)]
 29466 | D:12     | HP: 20/94 [??? (5)]
 29472 | D:12     | HP: 22/94 [??? (5)]
 29481 | D:12     | HP: 17/94 [??? (4)]
 29491 | D:12     | HP: 20/94 [??? (5)]
 29496 | D:12     | HP: 18/94 [??? (4)]
 29504 | D:12     | HP: 22/94 [??? (5)]
 29537 | D:12     | HP: 23/94 [??? (5)]
 29577 | D:12     | HP: 23/94 [??? (5)]
 29626 | D:12     | HP: 23/94 [??? (5)]
 29631 | D:12     | HP: 23/94 [??? (5)]
 29643 | D:12     | HP: 20/94 [??? (4)]
 29649 | D:12     | HP: 22/94 [??? (5)]
 29659 | D:12     | HP: 23/94 [??? (5)]
 29677 | D:12     | HP: 23/94 [??? (6)]
 29710 | D:12     | HP: 20/94 [??? (5)]
 29724 | D:12     | HP: 21/94 [??? (5)]
 29729 | D:12     | HP: 18/94 [??? (4)]
 29736 | D:12     | HP: 19/94 [??? (4)]
 29801 | D:12     | HP: 23/94 [??? (6)]
 29833 | D:12     | HP: 23/94 [??? (6)]
 29851 | D:12     | HP: 20/94 [??? (5)]
 29860 | D:12     | HP: 22/94 [??? (5)]
 29866 | D:12     | HP: 23/94 [??? (6)]
 29875 | D:12     | HP: 20/94 [??? (5)]
 29882 | D:12     | HP: 20/94 [??? (4)]
 29923 | D:12     | HP: 23/94 [??? (6)]
 29928 | D:12     | HP: 20/94 [??? (4)]
 29936 | D:12     | HP: 23/94 [??? (6)]
 29941 | D:12     | HP: 20/94 [??? (4)]
 29952 | D:12     | HP: 21/94 [??? (5)]
 29986 | D:12     | HP: 23/94 [??? (5)]
 30000 | D:12     | HP: 23/94 [??? (6)]
 30037 | D:12     | HP: 23/94 [??? (6)]
 30042 | D:12     | HP: 20/94 [??? (4)]
 30050 | D:12     | HP: 23/94 [??? (6)]
 30055 | D:12     | HP: 23/94 [??? (6)]
 30062 | D:12     | HP: 22/94 [??? (5)]
 30075 | D:12     | HP: 21/94 [??? (5)]
 30080 | D:12     | HP: 22/94 [??? (5)]
 30227 | D:12     | HP: 21/94 [??? (5)]
 30234 | D:12     | HP: 23/94 [??? (6)]
 30240 | D:12     | HP: 21/94 [??? (5)]
 30262 | D:12     | HP: 23/94 [??? (5)]
 30276 | D:12     | HP: 21/94 [??? (5)]
 30283 | D:12     | HP: 20/94 [??? (4)]
 30293 | D:12     | HP: 23/94 [??? (5)]
 30300 | D:12     | HP: 21/94 [??? (5)]
 30307 | D:12     | HP: 23/94 [??? (6)]
 30315 | D:12     | HP: 22/94 [??? (5)]
 30320 | D:12     | HP: 19/94 [??? (4)]
 30329 | D:12     | HP: 23/94 [??? (6)]
 30335 | D:12     | HP: 20/94 [??? (5)]
 30340 | D:12     | HP: 21/94 [??? (5)]
 30346 | D:12     | HP: 20/94 [??? (4)]
 30353 | D:12     | HP: 23/94 [??? (5)]
 30360 | D:12     | HP: 16/94 [??? (4)]
 30379 | D:12     | HP: 21/94 [??? (5)]
 30436 | D:12     | HP: 22/94 [??? (5)]
 30446 | D:12     | HP: 23/94 [??? (6)]
 30474 | D:12     | HP: 22/94 [??? (5)]
 30480 | D:12     | HP: 20/94 [??? (5)]
 30493 | D:12     | HP: 23/94 [??? (6)]
 30506 | D:12     | HP: 23/94 [??? (6)]
 30513 | D:12     | HP: 22/94 [??? (5)]
 30535 | D:12     | HP: 22/94 [??? (5)]
 30547 | D:12     | HP: 23/94 [??? (5)]
 30553 | D:12     | HP: 18/94 [??? (4)]
 30568 | D:12     | HP: 23/94 [??? (6)]
 30578 | D:12     | HP: 23/94 [??? (5)]
 30586 | D:12     | HP: 22/94 [??? (5)]
 30594 | D:12     | HP: 22/94 [??? (5)]
 30600 | D:12     | HP: 20/94 [??? (4)]
 30624 | D:12     | HP: 23/94 [??? (5)]
 30633 | D:12     | HP: 23/94 [??? (5)]
 30668 | D:12     | HP: 23/94 [??? (6)]
 30676 | D:12     | HP: 22/94 [??? (5)]
 30681 | D:12     | HP: 16/94 [??? (3)]
 30688 | D:12     | HP: 20/94 [??? (4)]
 30733 | D:12     | HP: 23/94 [??? (6)]
 30740 | D:12     | HP: 20/94 [??? (5)]
 30857 | D:12     | HP: 23/94 [??? (5)]
 30862 | D:12     | HP: 20/94 [??? (4)]
 30876 | D:12     | HP: 23/94 [??? (5)]
 30881 | D:12     | HP: 20/94 [??? (4)]
 30886 | D:12     | HP: 21/94 [??? (5)]
 30893 | D:12     | HP: 20/94 [??? (5)]
 30932 | D:12     | HP: 23/94 [??? (6)]
 30956 | D:12     | HP: 23/94 [??? (5)]
 30964 | D:12     | HP: 16/94 [??? (4)]
 30970 | D:12     | HP: 19/94 [??? (4)]
 30976 | D:12     | HP: 18/94 [??? (4)]
 30983 | D:12     | HP: 18/94 [??? (4)]
 31007 | D:12     | HP: 21/94 [??? (5)]
 31020 | D:12     | HP: 23/94 [??? (5)]
 31031 | D:12     | HP: 22/94 [??? (5)]
 31036 | D:12     | HP: 23/94 [??? (5)]
 31048 | D:12     | HP: 22/94 [??? (5)]
 31061 | D:12     | HP: 20/94 [??? (5)]
 31074 | D:12     | HP: 20/94 [??? (5)]
 31080 | D:12     | HP: 19/94 [??? (4)]
 31092 | D:12     | HP: 21/94 [??? (5)]
 31142 | D:12     | HP: 23/94 [??? (6)]
 31158 | D:12     | HP: 23/94 [??? (5)]
 31173 | D:12     | HP: 23/94 [??? (6)]
 31182 | D:12     | HP: 20/94 [??? (4)]
 31192 | D:12     | HP: 20/94 [??? (4)]
 31200 | D:12     | HP: 18/94 [??? (4)]
 31206 | D:12     | HP: 15/94 [??? (3)]
 31212 | D:12     | HP: 16/94 [??? (3)]
 31220 | D:12     | HP: 18/94 [??? (4)]
 31227 | D:12     | HP: 18/94 [??? (4)]
 31258 | D:12     | HP: 21/94 [??? (5)]
 31264 | D:12     | HP: 23/94 [??? (5)]
 31315 | D:12     | HP: 23/94 [??? (6)]
 31337 | D:12     | HP: 23/94 [??? (5)]
 31342 | D:12     | HP: 16/94 [??? (4)]
 31347 | D:12     | HP: 18/94 [??? (4)]
 31353 | D:12     | HP: 20/94 [??? (5)]
 31358 | D:12     | HP: 20/94 [??? (5)]
 31363 | D:12     | HP: 21/94 [??? (5)]
 31521 | D:12     | HP: 22/94 [??? (5)]
 31538 | D:12     | HP: 23/94 [??? (5)]
 31591 | D:12     | HP: 22/94 [??? (5)]
 31602 | D:12     | HP: 23/94 [??? (6)]
 31617 | D:12     | HP: 23/94 [??? (6)]
 31627 | D:12     | HP: 23/94 [??? (6)]
 31634 | D:12     | HP: 21/94 [??? (5)]
 31641 | D:12     | HP: 23/94 [??? (6)]
 31647 | D:12     | HP: 20/94 [??? (5)]
 31654 | D:12     | HP: 20/94 [??? (4)]
 31662 | D:12     | HP: 20/94 [??? (5)]
 31673 | D:12     | HP: 23/94 [??? (5)]
 31965 | D:12     | HP: 22/94 [??? (5)]
 31970 | D:12     | HP: 22/94 [??? (5)]
 31983 | D:12     | HP: 23/94 [??? (6)]
 31993 | D:12     | HP: 23/94 [??? (5)]
 31998 | D:12     | HP: 23/94 [??? (5)]
 32012 | D:12     | HP: 23/94 [??? (5)]
 32017 | D:12     | HP: 23/94 [??? (5)]
 32054 | D:12     | HP: 23/94 [??? (5)]
 32082 | D:12     | HP: 23/94 [??? (6)]
 32087 | D:12     | HP: 20/94 [??? (4)]
 32093 | D:12     | HP: 22/94 [??? (5)]
 32098 | D:12     | HP: 13/94 [??? (3)]
 32103 | D:12     | HP: 16/94 [??? (3)]
 32113 | D:12     | HP: 23/94 [??? (5)]
 32200 | D:12     | HP: 22/94 [??? (5)]
 32206 | D:12     | HP: 20/94 [??? (5)]
 32213 | D:12     | HP: 20/94 [??? (4)]
 32222 | D:12     | HP: 21/94 [??? (5)]
 32232 | D:12     | HP: 22/94 [??? (5)]
 32246 | D:12     | HP: 21/94 [??? (5)]
 32252 | D:12     | HP: 23/94 [??? (5)]
 32397 | D:12     | HP: 23/94 [??? (6)]
 32404 | D:12     | HP: 21/94 [??? (5)]
 32420 | D:12     | HP: 23/94 [??? (5)]
 32432 | D:12     | HP: 22/94 [??? (5)]
 32444 | D:12     | HP: 22/94 [??? (5)]
 32449 | D:12     | HP: 19/94 [??? (4)]
 32456 | D:12     | HP: 16/94 [??? (3)]
 32470 | D:12     | HP: 23/94 [??? (5)]
 32476 | D:12     | HP: 13/94 [??? (3)]
 32481 | D:12     | HP: 13/94 [??? (3)]
 32494 | D:12     | HP: 20/94 [??? (4)]
 32502 | D:12     | HP: 20/94 [??? (5)]
 32510 | D:12     | HP: 17/94 [??? (4)]
 32590 | D:12     | HP: 23/94 [??? (6)]
 32595 | D:12     | HP: 23/94 [??? (6)]
 32604 | D:12     | HP: 23/94 [??? (5)]
 32609 | D:12     | HP: 20/94 [??? (4)]
 32620 | D:12     | HP: 20/94 [??? (5)]
 32625 | D:12     | HP: 16/94 [??? (3)]
 32635 | D:12     | HP: 20/94 [??? (4)]
 32643 | D:12     | HP: 20/94 [??? (5)]
 32665 | D:12     | HP: 22/94 [??? (5)]
 32676 | D:12     | HP: 23/94 [??? (6)]
 32683 | D:12     | HP: 21/94 [??? (5)]
 32691 | D:12     | HP: 18/94 [??? (4)]
 32703 | D:12     | HP: 20/94 [??? (5)]
 32709 | D:12     | HP: 16/94 [??? (3)]
 32714 | D:12     | HP: 15/94 [??? (3)]
 32719 | D:12     | HP: 15/94 [??? (3)]
 32731 | D:12     | HP: 20/94 [??? (5)]
 32753 | D:12     | HP: 23/94 [??? (5)]
 32763 | D:12     | HP: 23/94 [??? (6)]
 32768 | D:12     | HP: 16/94 [??? (4)]
 32789 | D:12     | HP: 22/94 [??? (5)]
 32796 | D:12     | HP: 20/94 [??? (5)]
 32808 | D:12     | HP: 23/94 [??? (5)]
 32883 | D:12     | HP: 23/94 [??? (6)]
 32890 | D:12     | HP: 22/94 [??? (5)]
 32897 | D:12     | HP: 19/94 [??? (4)]
 32919 | D:12     | HP: 23/94 [??? (6)]
 32928 | D:12     | HP: 23/94 [??? (5)]
 32933 | D:12     | HP: 20/94 [??? (4)]
 32941 | D:12     | HP: 23/94 [??? (6)]
 32963 | D:12     | HP: 23/94 [??? (6)]
 33004 | D:12     | HP: 21/94 [??? (5)]
 33010 | D:12     | HP: 23/94 [??? (5)]
 33019 | D:12     | HP: 20/94 [??? (5)]
 33026 | D:12     | HP: 20/94 [??? (4)]
 33033 | D:12     | HP: 23/94 [??? (5)]
 33040 | D:12     | HP: 21/94 [??? (5)]
 33047 | D:12     | HP: 23/94 [??? (6)]
 33057 | D:12     | HP: 23/94 [??? (6)]
 33063 | D:12     | HP: 20/94 [??? (5)]
 33070 | D:12     | HP: 23/94 [??? (5)]
 33081 | D:12     | HP: 20/94 [??? (5)]
 33089 | D:12     | HP: 20/94 [??? (5)]
 33096 | D:12     | HP: 20/94 [??? (4)]
 33109 | D:12     | HP: 20/94 [??? (5)]
 33120 | D:12     | HP: 23/94 [??? (6)]
 33127 | D:12     | HP: 20/94 [??? (5)]
 33196 | D:12     | HP: 23/94 [??? (5)]
 33209 | D:12     | HP: 22/94 [??? (5)]
 33250 | D:12     | HP: 23/94 [??? (6)]
 33257 | D:12     | HP: 19/94 [??? (4)]
 33265 | D:12     | HP: 23/94 [??? (6)]
 33270 | D:12     | HP: 19/94 [??? (4)]
 33277 | D:12     | HP: 16/94 [??? (4)]
 33283 | D:12     | HP: 13/94 [??? (3)]
 33289 | D:12     | HP: 13/94 [??? (2)]
 33297 | D:12     | HP: 16/94 [??? (3)]
 33302 | D:12     | HP: 15/94 [??? (3)]
 33309 | D:12     | HP: 14/94 [??? (3)]
 33315 | D:12     | HP: 16/94 [??? (3)]
 33326 | D:12     | HP: 23/94 [??? (6)]
 33334 | D:12     | HP: 22/94 [??? (5)]
 33341 | D:12     | HP: 20/94 [??? (5)]
 33380 | D:12     | HP: 21/94 [??? (5)]
 33385 | D:12     | HP: 19/94 [??? (4)]
 33396 | D:12     | HP: 22/94 [??? (5)]
 33402 | D:12     | HP: 20/94 [??? (4)]
 33407 | D:12     | HP: 21/94 [??? (5)]
 33416 | D:12     | HP: 22/94 [??? (5)]
 33426 | D:12     | HP: 23/94 [??? (6)]
 33435 | D:12     | HP: 22/94 [??? (5)]
 33440 | D:12     | HP: 23/94 [??? (5)]
 33579 | D:12     | HP: 22/94 [??? (5)]
 33587 | D:12     | HP: 20/94 [??? (5)]
 33596 | D:12     | HP: 16/94 [??? (4)]
 33603 | D:12     | HP: 17/94 [??? (4)]
 33608 | D:12     | HP: 19/94 [??? (4)]
 33613 | D:12     | HP: 20/94 [??? (5)]
 33626 | D:12     | HP: 22/94 [??? (5)]
 33632 | D:12     | HP: 17/94 [??? (4)]
 33647 | D:12     | HP: 23/94 [??? (5)]
 33766 | D:12     | HP: 23/94 [??? (6)]
 33790 | D:12     | HP: 20/94 [??? (5)]
 33804 | D:12     | HP: 21/94 [??? (5)]
 33810 | D:12     | HP: 20/94 [??? (4)]
 33818 | D:12     | HP: 20/94 [??? (5)]
 33828 | D:12     | HP: 21/94 [??? (5)]
 33877 | D:12     | HP: 23/94 [??? (6)]
 33923 | D:12     | HP: 23/94 [??? (5)]
 33928 | D:12     | HP: 20/94 [??? (4)]
 33936 | D:12     | HP: 20/94 [??? (4)]
 33948 | D:12     | HP: 23/94 [??? (5)]
 33953 | D:12     | HP: 20/94 [??? (4)]
 33960 | D:12     | HP: 16/94 [??? (4)]
 33991 | D:12     | HP: 22/94 [??? (5)]
 34137 | D:12     | HP: 23/94 [??? (5)]
 34191 | D:12     | HP: 23/94 [??? (5)]
 34260 | D:12     | HP: 22/94 [??? (5)]
 34270 | D:12     | HP: 22/94 [??? (5)]
 34279 | D:12     | HP: 23/94 [??? (5)]
 34284 | D:12     | HP: 23/94 [??? (5)]
 34290 | D:12     | HP: 20/94 [??? (5)]
 34299 | D:12     | HP: 22/94 [??? (5)]
 34305 | D:12     | HP: 20/94 [??? (4)]
 34310 | D:12     | HP: 17/94 [??? (4)]
 34340 | D:12     | HP: 20/94 [??? (5)]
 34345 | D:12     | HP: 21/94 [??? (5)]
 34351 | D:12     | HP: 22/94 [??? (5)]
 34357 | D:12     | HP: 23/94 [??? (6)]
 34385 | D:12     | HP: 22/94 [??? (5)]
 34420 | D:12     | HP: 20/94 [??? (4)]
 34425 | D:12     | HP: 18/94 [??? (4)]
 34432 | D:12     | HP: 19/94 [??? (4)]
 34437 | D:12     | HP: 16/94 [??? (4)]
 34460 | D:12     | HP: 22/94 [??? (5)]
 34514 | D:12     | HP: 23/94 [??? (6)]
 34535 | D:12     | HP: 23/94 [??? (6)]
 34545 | D:12     | HP: 23/94 [??? (6)]
 34657 | D:12     | HP: 23/94 [??? (5)]
 34663 | D:12     | HP: 20/94 [??? (5)]
 34671 | D:12     | HP: 20/94 [??? (5)]
 34701 | D:12     | HP: 21/94 [??? (5)]
 34723 | D:12     | HP: 23/94 [??? (5)]
 34728 | D:12     | HP: 20/94 [??? (4)]
 34736 | D:12     | HP: 18/94 [??? (4)]
 34743 | D:12     | HP: 16/94 [??? (3)]
 34755 | D:12     | HP: 19/94 [??? (4)]
 34762 | D:12     | HP: 22/94 [??? (5)]
 34768 | D:12     | HP: 23/94 [??? (6)]
 34783 | D:12     | HP: 23/94 [??? (6)]
 34788 | D:12     | HP: 17/94 [??? (4)]
 34796 | D:12     | HP: 21/94 [??? (5)]
 34806 | D:12     | HP: 22/94 [??? (5)]
 34937 | D:12     | HP: 22/94 [??? (5)]
 34943 | D:12     | HP: 20/94 [??? (4)]
 34993 | D:12     | HP: 23/94 [??? (5)]
 35002 | D:12     | HP: 22/94 [??? (5)]
 35010 | D:12     | HP: 19/94 [??? (4)]
 35046 | D:12     | HP: 22/94 [??? (5)]
 35057 | D:12     | HP: 23/94 [??? (5)]
 35071 | D:12     | HP: 23/94 [??? (5)]
 35076 | D:12     | HP: 20/94 [??? (4)]
 35083 | D:12     | HP: 23/94 [??? (5)]
 35090 | D:12     | HP: 21/94 [??? (5)]
 35096 | D:12     | HP: 20/94 [??? (4)]
 35103 | D:12     | HP: 23/94 [??? (5)]
 35117 | D:12     | HP: 22/94 [??? (5)]
 35126 | D:12     | HP: 22/94 [??? (5)]
 35136 | D:12     | HP: 20/94 [??? (4)]
 35143 | D:12     | HP: 19/94 [??? (4)]
 35150 | D:12     | HP: 17/94 [??? (4)]
 35157 | D:12     | HP: 13/94 [??? (3)]
 35162 | D:12     | HP: 13/94 [??? (3)]
 35170 | D:12     | HP: 14/94 [??? (3)]
 35180 | D:12     | HP: 19/94 [??? (4)]
 35186 | D:12     | HP: 21/94 [??? (5)]
 35191 | D:12     | HP: 18/94 [??? (4)]
 35200 | D:12     | HP: 20/94 [??? (5)]
 35206 | D:12     | HP: 22/94 [??? (5)]
 35231 | D:12     | HP: 21/94 [??? (5)]
 35241 | D:12     | HP: 20/94 [??? (5)]
 35246 | D:12     | HP: 21/94 [??? (5)]
 35257 | D:12     | HP: 22/94 [??? (5)]
 35263 | D:12     | HP: 20/94 [??? (4)]
 35272 | D:12     | HP: 16/94 [??? (4)]
 35283 | D:12     | HP: 16/94 [??? (4)]
 35289 | D:12     | HP: 19/94 [??? (4)]
 35333 | D:12     | HP: 23/94 [??? (6)]
 35406 | D:12     | HP: 23/94 [??? (5)]
 35416 | D:12     | HP: 20/94 [??? (5)]
 35484 | D:12     | HP: 23/94 [??? (6)]
 35492 | D:12     | HP: 23/94 [??? (5)]
 35529 | D:12     | HP: 23/94 [??? (5)]
 35566 | D:12     | HP: 21/94 [??? (5)]
 35575 | D:12     | HP: 22/94 [??? (5)]
 35585 | D:12     | HP: 23/94 [??? (6)]
 35593 | D:12     | HP: 22/94 [??? (5)]
 35600 | D:12     | HP: 20/94 [??? (5)]
 35610 | D:12     | HP: 19/94 [??? (4)]
 35615 | D:12     | HP: 13/94 [??? (2)]
 35620 | D:12     | HP: 14/94 [??? (3)]
 35630 | D:12     | HP: 17/94 [??? (4)]
 35636 | D:12     | HP: 17/94 [??? (4)]
 35643 | D:12     | HP: 18/94 [??? (4)]
 35776 | D:12     | HP: 23/94 [??? (5)]
 35817 | D:12     | HP: 22/94 [??? (5)]
 35823 | D:12     | HP: 17/94 [??? (4)]
 35832 | D:12     | HP: 16/94 [??? (4)]
 35838 | D:12     | HP: 18/94 [??? (4)]
 35848 | D:12     | HP: 21/94 [??? (5)]
 35853 | D:12     | HP: 19/94 [??? (4)]
 35867 | D:12     | HP: 23/94 [??? (6)]
 35873 | D:12     | HP: 21/94 [??? (5)]
 35880 | D:12     | HP: 23/94 [??? (6)]
 35892 | D:12     | HP: 22/94 [??? (5)]
 36028 | D:12     | HP: 23/94 [??? (6)]
 36107 | D:12     | HP: 23/94 [??? (6)]
 36113 | D:12     | HP: 20/94 [??? (5)]
 36119 | D:12     | HP: 22/94 [??? (5)]
 36124 | D:12     | HP: 19/94 [??? (4)]
 36143 | D:12     | HP: 23/94 [??? (5)]
 36185 | D:12     | HP: 23/94 [??? (6)]
 36190 | D:12     | HP: 16/94 [??? (4)]
 36199 | D:12     | HP: 17/94 [??? (4)]
 36206 | D:12     | HP: 20/94 [??? (5)]
 36260 | D:12     | HP: 23/94 [??? (5)]
 36269 | D:12     | HP: 23/94 [??? (5)]
 36284 | D:12     | HP: 23/94 [??? (6)]
 36293 | D:12     | HP: 18/94 [??? (4)]
 36303 | D:12     | HP: 23/94 [??? (6)]
 36322 | D:12     | HP: 22/94 [??? (5)]
 36331 | D:12     | HP: 21/94 [??? (5)]
 36350 | D:12     | HP: 23/94 [??? (6)]
 36356 | D:12     | HP: 20/94 [??? (5)]
 36445 | D:12     | HP: 22/94 [??? (5)]
 36451 | D:12     | HP: 23/94 [??? (5)]
 36482 | D:12     | HP: 20/94 [??? (5)]
 36487 | D:12     | HP: 21/94 [??? (5)]
 36492 | D:12     | HP: 19/94 [??? (4)]
 36499 | D:12     | HP: 19/94 [??? (4)]
 36506 | D:12     | HP: 19/94 [??? (4)]
 36511 | D:12     | HP: 16/94 [??? (4)]
 36528 | D:12     | HP: 23/94 [??? (6)]
 36550 | D:12     | HP: 20/94 [??? (5)]
 36556 | D:12     | HP: 22/94 [??? (5)]
 36565 | D:12     | HP: 23/94 [??? (5)]
 36570 | D:12     | HP: 23/94 [??? (5)]
 36584 | D:12     | HP: 23/94 [??? (5)]
 36599 | D:12     | HP: 23/94 [??? (6)]
 36604 | D:12     | HP: 19/94 [??? (4)]
 36610 | D:12     | HP: 18/94 [??? (4)]
 36615 | D:12     | HP: 20/94 [??? (4)]
 36620 | D:12     | HP: 17/94 [??? (4)]
 36625 | D:12     | HP: 19/94 [??? (4)]
 36657 | D:12     | HP: 22/94 [??? (5)]
 36663 | D:12     | HP: 20/94 [??? (5)]
 36669 | D:12     | HP: 14/94 [??? (3)]
 36674 | D:12     | HP: 15/94 [??? (3)]
 36685 | D:12     | HP: 20/94 [??? (5)]
 36692 | D:12     | HP: 23/94 [??? (5)]
 36707 | D:12     | HP: 21/94 [??? (5)]
 36713 | D:12     | HP: 20/94 [??? (4)]
 36737 | D:12     | HP: 23/94 [??? (6)]
 36748 | D:12     | HP: 20/94 [??? (5)]
 36755 | D:12     | HP: 19/94 [??? (4)]
 36763 | D:12     | HP: 20/94 [??? (4)]
 36769 | D:12     | HP: 22/94 [??? (5)]
 36981 | D:12     | HP: 23/94 [??? (5)]
 36997 | D:12     | HP: 23/94 [??? (5)]
 37010 | D:12     | HP: 23/94 [??? (6)]
 37020 | D:12     | HP: 23/94 [??? (6)]
 37033 | D:12     | HP: 23/94 [??? (5)]
 37038 | D:12     | HP: 20/94 [??? (4)]
 37097 | D:12     | HP: 23/94 [??? (6)]
 37115 | D:12     | HP: 20/94 [??? (5)]
 37125 | D:12     | HP: 23/94 [??? (5)]
 37130 | D:12     | HP: 16/94 [??? (4)]
 37140 | D:12     | HP: 18/94 [??? (4)]
 37147 | D:12     | HP: 18/94 [??? (4)]
 37222 | D:12     | HP: 21/94 [??? (5)]
 37240 | D:12     | HP: 23/94 [??? (6)]
 37317 | D:12     | HP: 23/94 [??? (5)]
 37326 | D:12     | HP: 23/94 [??? (6)]
 37335 | D:12     | HP: 22/94 [??? (5)]
 37429 | D:12     | HP: 22/94 [??? (5)]
 37435 | D:12     | HP: 23/94 [??? (6)]
 37444 | D:12     | HP: 22/94 [??? (5)]
 37460 | D:12     | HP: 23/94 [??? (6)]
 37466 | D:12     | HP: 18/94 [??? (4)]
 37477 | D:12     | HP: 21/94 [??? (5)]
 37483 | D:12     | HP: 16/94 [??? (4)]
 37488 | D:12     | HP: 15/94 [??? (3)]
 37493 | D:12     | HP: 13/94 [??? (3)]
 37503 | D:12     | HP: 20/94 [??? (4)]
 37510 | D:12     | HP: 16/94 [??? (4)]
 37536 | D:12     | HP: 20/94 [??? (4)]
 37541 | D:12     | HP: 18/94 [??? (4)]
 37546 | D:12     | HP: 16/94 [??? (4)]
 37553 | D:12     | HP: 14/94 [??? (3)]
 37558 | D:12     | HP: 11/94 [??? (2)]
 37563 | D:12     | HP: 11/94 [??? (2)]
 37574 | D:12     | HP: 16/94 [??? (4)]
 37581 | D:12     | HP: 20/94 [??? (4)]
 37586 | D:12     | HP: 18/94 [??? (4)]
 37653 | D:12     | HP: 23/94 [??? (6)]
 37668 | D:12     | HP: 23/94 [??? (5)]
 37673 | D:12     | HP: 20/94 [??? (4)]
 37678 | D:12     | HP: 17/94 [??? (4)]
 37685 | D:12     | HP: 18/94 [??? (4)]
 37690 | D:12     | HP: 16/94 [??? (3)]
 37696 | D:12     | HP: 19/94 [??? (4)]
 37705 | D:12     | HP: 16/94 [??? (4)]
 37710 | D:12     | HP: 13/94 [??? (2)]
 37716 | D:12     | HP: 12/94 [??? (2)]
 37723 | D:12     | HP: 14/94 [??? (3)]
 37763 | D:12     | HP: 21/94 [??? (5)]
 37769 | D:12     | HP: 16/94 [??? (4)]
 37774 | D:12     | HP: 15/94 [??? (3)]
 37787 | D:12     | HP: 22/94 [??? (5)]
 37792 | D:12     | HP: 16/94 [??? (4)]
 37809 | D:12     | HP: 23/94 [??? (6)]
 37818 | D:12     | HP: 23/94 [??? (5)]
 37825 | D:12     | HP: 19/94 [??? (4)]
 37850 | D:12     | HP: 23/94 [??? (5)]
 37925 | D:12     | HP: 22/94 [??? (5)]
 37940 | D:12     | HP: 21/94 [??? (5)]
 38020 | D:12     | HP: 23/94 [??? (5)]
 38025 | D:12     | HP: 23/94 [??? (6)]
 38030 | D:12     | HP: 19/94 [??? (4)]
 38035 | D:12     | HP: 16/94 [??? (3)]
 38046 | D:12     | HP: 23/94 [??? (6)]
 38053 | D:12     | HP: 20/94 [??? (5)]
 38061 | D:12     | HP: 20/94 [??? (5)]
 38071 | D:12     | HP: 22/94 [??? (5)]
 38092 | D:12     | HP: 21/94 [??? (5)]
 38099 | D:12     | HP: 23/94 [??? (6)]
 38106 | D:12     | HP: 19/94 [??? (4)]
 38120 | D:12     | HP: 23/94 [??? (6)]
 38126 | D:12     | HP: 20/94 [??? (5)]
 38133 | D:12     | HP: 20/94 [??? (4)]
 38144 | D:12     | HP: 23/94 [??? (5)]
 38149 | D:12     | HP: 23/94 [??? (6)]
 38154 | D:12     | HP: 23/94 [??? (6)]
 38163 | D:12     | HP: 22/94 [??? (5)]
 38173 | D:12     | HP: 23/94 [??? (5)]
 38299 | D:12     | HP: 23/94 [??? (5)]
 38304 | D:12     | HP: 16/94 [??? (4)]
 38313 | D:12     | HP: 22/94 [??? (5)]
 38318 | D:12     | HP: 22/94 [??? (5)]
 38325 | D:12     | HP: 21/94 [??? (5)]
 38330 | D:12     | HP: 18/94 [??? (4)]
 38339 | D:12     | HP: 20/94 [??? (5)]
 38346 | D:12     | HP: 15/94 [??? (3)]
 38373 | D:12     | HP: 23/94 [??? (6)]
 38384 | D:12     | HP: 23/94 [??? (6)]
 38390 | D:12     | HP: 15/94 [??? (3)]
 38403 | D:12     | HP: 21/94 [??? (5)]
 38430 | D:12     | HP: 22/94 [??? (5)]
 38436 | D:12     | HP: 20/94 [??? (5)]
 38441 | D:12     | HP: 17/94 [??? (4)]
 38462 | D:12     | HP: 23/94 [??? (5)]
 38470 | D:12     | HP: 21/94 [??? (5)]
 38475 | D:12     | HP: 22/94 [??? (5)]
 38481 | D:12     | HP: 17/94 [??? (4)]
 38489 | D:12     | HP: 21/94 [??? (5)]
 38497 | D:12     | HP: 18/94 [??? (4)]
 38502 | D:12     | HP: 16/94 [??? (4)]
 38522 | D:12     | HP: 22/94 [??? (5)]
 38621 | D:12     | HP: 21/94 [??? (5)]
 38628 | D:12     | HP: 20/94 [??? (5)]
 38643 | D:12     | HP: 23/94 [??? (6)]
 38650 | D:12     | HP: 18/94 [??? (4)]
 38661 | D:12     | HP: 20/94 [??? (4)]
 38688 | D:12     | HP: 23/94 [??? (5)]
 38694 | D:12     | HP: 21/94 [??? (5)]
 38700 | D:12     | HP: 20/94 [??? (4)]
 38706 | D:12     | HP: 22/94 [??? (5)]
 38716 | D:12     | HP: 22/94 [??? (5)]
 38735 | D:12     | HP: 23/94 [??? (6)]
 38742 | D:12     | HP: 21/94 [??? (5)]
 38754 | D:12     | HP: 20/94 [??? (5)]
 38760 | D:12     | HP: 22/94 [??? (5)]
 38770 | D:12     | HP: 23/94 [??? (5)]
 38781 | D:12     | HP: 23/94 [??? (6)]
 38790 | D:12     | HP: 23/94 [??? (5)]
 38806 | D:12     | HP: 23/94 [??? (6)]
 38900 | D:12     | HP: 21/94 [??? (5)]
 38930 | D:12     | HP: 21/94 [??? (5)]
 38944 | D:12     | HP: 23/94 [??? (6)]
 38976 | D:12     | HP: 23/94 [??? (5)]
 38981 | D:12     | HP: 23/94 [??? (6)]
 38986 | D:12     | HP: 20/94 [??? (4)]
 38993 | D:12     | HP: 20/94 [??? (4)]
 39001 | D:12     | HP: 23/94 [??? (6)]
 39009 | D:12     | HP: 22/94 [??? (5)]
 39036 | D:12     | HP: 23/94 [??? (5)]
 39041 | D:12     | HP: 20/94 [??? (4)]
 39054 | D:12     | HP: 23/94 [??? (6)]
 39077 | D:12     | HP: 20/94 [??? (5)]
 39085 | D:12     | HP: 19/94 [??? (4)]
 39091 | D:12     | HP: 20/94 [??? (5)]
 39098 | D:12     | HP: 19/94 [??? (4)]
 39103 | D:12     | HP: 20/94 [??? (5)]
 39129 | D:12     | HP: 23/94 [??? (6)]
 39140 | D:12     | HP: 20/94 [??? (4)]
 39150 | D:12     | HP: 20/94 [??? (5)]
 39159 | D:12     | HP: 22/94 [??? (5)]
 39320 | D:12     | HP: 22/94 [??? (5)]
 39326 | D:12     | HP: 20/94 [??? (4)]
 39333 | D:12     | HP: 14/94 [??? (3)]
 39338 | D:12     | HP: 16/94 [??? (3)]
 39350 | D:12     | HP: 22/94 [??? (5)]
 39367 | D:12     | HP: 23/94 [??? (6)]
 39373 | D:12     | HP: 20/94 [??? (5)]
 39382 | D:12     | HP: 18/94 [??? (4)]
 39388 | D:12     | HP: 20/94 [??? (5)]
 39396 | D:12     | HP: 20/94 [??? (4)]
 39401 | D:12     | HP: 21/94 [??? (5)]
 39464 | D:12     | HP: 23/94 [??? (5)]
 39469 | D:12     | HP: 16/94 [??? (4)]
 39475 | D:12     | HP: 15/94 [??? (3)]
 39480 | D:12     | HP: 17/94 [??? (4)]
 39485 | D:12     | HP: 19/94 [??? (4)]
 39498 | D:12     | HP: 23/94 [??? (6)]
 39506 | D:12     | HP: 20/94 [??? (4)]
 39564 | D:12     | HP: 21/94 [??? (5)]
 39578 | D:12     | HP: 22/94 [??? (5)]
 39583 | D:12     | HP: 20/94 [??? (4)]
 39590 | D:12     | HP: 23/94 [??? (5)]
 39596 | D:12     | HP: 17/94 [??? (4)]
 39601 | D:12     | HP: 19/94 [??? (4)]
 39606 | D:12     | HP: 20/94 [??? (5)]
 39614 | D:12     | HP: 18/94 [??? (4)]
 39622 | D:12     | HP: 20/94 [??? (4)]
 39641 | D:12     | HP: 23/94 [??? (5)]
 39661 | D:12     | HP: 22/94 [??? (5)]
 39697 | D:12     | HP: 23/94 [??? (6)]
 39824 | D:12     | HP: 21/94 [??? (5)]
 39942 | D:12     | HP: 22/94 [??? (5)]
 39961 | D:12     | HP: 23/94 [??? (6)]
 39968 | D:12     | HP: 18/94 [??? (4)]
 40005 | D:12     | HP: 23/94 [??? (6)]
 40054 | D:12     | HP: 23/94 [??? (5)]
 40061 | D:12     | HP: 21/94 [??? (5)]
 40066 | D:12     | HP: 19/94 [??? (4)]
 40097 | D:12     | HP: 23/94 [??? (6)]
 40102 | D:12     | HP: 20/94 [??? (4)]
 40110 | D:12     | HP: 20/94 [??? (4)]
 40117 | D:12     | HP: 23/94 [??? (5)]
 40131 | D:12     | HP: 23/94 [??? (5)]
 40139 | D:12     | HP: 23/94 [??? (5)]
 40150 | D:12     | HP: 23/94 [??? (6)]
 40158 | D:12     | HP: 23/94 [??? (5)]
 40164 | D:12     | HP: 20/94 [??? (5)]
 40183 | D:12     | HP: 23/94 [??? (5)]
 40190 | D:12     | HP: 21/94 [??? (5)]
 40224 | D:12     | HP: 23/94 [??? (6)]
 40230 | D:12     | HP: 17/94 [??? (4)]
 40235 | D:12     | HP: 16/94 [??? (4)]
 40240 | D:12     | HP: 18/94 [??? (4)]
 40248 | D:12     | HP: 19/94 [??? (4)]
 40253 | D:12     | HP: 20/94 [??? (5)]
 40268 | D:12     | HP: 22/94 [??? (5)]
 40273 | D:12     | HP: 16/94 [??? (4)]
 40305 | D:12     | HP: 23/94 [??? (6)]
 40321 | D:12     | HP: 23/94 [??? (5)]
 40342 | D:12     | HP: 23/94 [??? (5)]
 40351 | D:12     | HP: 23/94 [??? (5)]
 40367 | D:12     | HP: 23/94 [??? (6)]
 40372 | D:12     | HP: 20/94 [??? (4)]
 40379 | D:12     | HP: 20/94 [??? (4)]
 40385 | D:12     | HP: 16/94 [??? (4)]
 40396 | D:12     | HP: 18/94 [??? (4)]
 40404 | D:12     | HP: 22/94 [??? (5)]
 40410 | D:12     | HP: 16/94 [??? (4)]
 40416 | D:12     | HP: 16/94 [??? (4)]
 40421 | D:12     | HP: 11/94 [??? (2)]
 40426 | D:12     | HP: 14/94 [??? (3)]
 40444 | D:12     | HP: 23/94 [??? (5)]
 40451 | D:12     | HP: 21/94 [??? (5)]
 40461 | D:12     | HP: 23/94 [??? (5)]
 40536 | D:12     | HP: 22/94 [??? (5)]
 40542 | D:12     | HP: 20/94 [??? (4)]
 40547 | D:12     | HP: 15/94 [??? (3)]
 40556 | D:12     | HP: 20/94 [??? (5)]
 40563 | D:12     | HP: 23/94 [??? (5)]
 40568 | D:12     | HP: 16/94 [??? (4)]
 40576 | D:12     | HP: 20/94 [??? (5)]
 40581 | D:12     | HP: 15/94 [??? (3)]
 40588 | D:12     | HP: 19/94 [??? (4)]
 40593 | D:12     | HP: 17/94 [??? (4)]
 40598 | D:12     | HP: 16/94 [??? (3)]
 40607 | D:12     | HP: 20/94 [??? (4)]
 40616 | D:12     | HP: 18/94 [??? (4)]
 40625 | D:12     | HP: 21/94 [??? (5)]
 40650 | D:12     | HP: 23/94 [??? (6)]
 40730 | D:12     | HP: 22/94 [??? (5)]
 40736 | D:12     | HP: 23/94 [??? (6)]
 40758 | D:12     | HP: 23/94 [??? (6)]
 40763 | D:12     | HP: 23/94 [??? (6)]
 40868 | D:12     | HP: 22/94 [??? (5)]
 40876 | D:12     | HP: 21/94 [??? (5)]
 40883 | D:12     | HP: 20/94 [??? (4)]
 40894 | D:12     | HP: 23/94 [??? (6)]
 40899 | D:12     | HP: 20/94 [??? (4)]
 40905 | D:12     | HP: 22/94 [??? (5)]
 40913 | D:12     | HP: 21/94 [??? (5)]
 40969 | D:12     | HP: 23/94 [??? (5)]
 40998 | D:12     | HP: 21/94 [??? (5)]
 41003 | D:12     | HP: 22/94 [??? (5)]
 41011 | D:12     | HP: 22/94 [??? (5)]
 41030 | D:12     | HP: 23/94 [??? (5)]
 41042 | D:12     | HP: 23/94 [??? (6)]
 41051 | D:12     | HP: 17/94 [??? (4)]
 41058 | D:12     | HP: 17/94 [??? (4)]
 41068 | D:12     | HP: 18/94 [??? (4)]
 41078 | D:12     | HP: 18/94 [??? (4)]
 41083 | D:12     | HP: 14/94 [??? (3)]
 41092 | D:12     | HP: 20/94 [??? (5)]
 41097 | D:12     | HP: 20/94 [??? (5)]
 41118 | D:12     | HP: 23/94 [??? (6)]
 41130 | D:12     | HP: 23/94 [??? (5)]
 41136 | D:12     | HP: 20/94 [??? (5)]
 41150 | D:12     | HP: 23/94 [??? (5)]
 41157 | D:12     | HP: 20/94 [??? (5)]
 41162 | D:12     | HP: 21/94 [??? (5)]
 41170 | D:12     | HP: 19/94 [??? (4)]
 41182 | D:12     | HP: 23/94 [??? (6)]
 41191 | D:12     | HP: 17/94 [??? (4)]
 41200 | D:12     | HP: 23/94 [??? (5)]
 41258 | D:12     | HP: 21/94 [??? (5)]
 41267 | D:12     | HP: 21/94 [??? (5)]
 41288 | D:12     | HP: 20/94 [??? (5)]
 41293 | D:12     | HP: 15/94 [??? (3)]
 41298 | D:12     | HP: 16/94 [??? (4)]
 41309 | D:12     | HP: 20/94 [??? (5)]
 41316 | D:12     | HP: 20/94 [??? (4)]
 41343 | D:12     | HP: 23/94 [??? (6)]
 41373 | D:12     | HP: 23/94 [??? (6)]
 41378 | D:12     | HP: 23/94 [??? (5)]
 41383 | D:12     | HP: 20/94 [??? (4)]
 41388 | D:12     | HP: 15/94 [??? (3)]
 41402 | D:12     | HP: 23/94 [??? (5)]
 41407 | D:12     | HP: 23/94 [??? (6)]
 41417 | D:12     | HP: 23/94 [??? (5)]
 41444 | D:12     | HP: 23/94 [??? (5)]
 41515 | D:12     | HP: 22/94 [??? (5)]
 41520 | D:12     | HP: 23/94 [??? (5)]
 41529 | D:12     | HP: 16/94 [??? (3)]
 41541 | D:12     | HP: 22/94 [??? (5)]
 41611 | D:12     | HP: 23/94 [??? (6)]
 41616 | D:12     | HP: 23/94 [??? (6)]
 41636 | D:12     | HP: 22/94 [??? (5)]
 41641 | D:12     | HP: 19/94 [??? (4)]
 41646 | D:12     | HP: 17/94 [??? (4)]
 41653 | D:12     | HP: 17/94 [??? (4)]
 41658 | D:12     | HP: 18/94 [??? (4)]
 41670 | D:12     | HP: 20/94 [??? (5)]
 41707 | D:12     | HP: 23/94 [??? (5)]
 41723 | D:12     | HP: 23/94 [??? (6)]
 41728 | D:12     | HP: 20/94 [??? (5)]
 41736 | D:12     | HP: 17/94 [??? (4)]
 41743 | D:12     | HP: 17/94 [??? (4)]
 41748 | D:12     | HP: 19/94 [??? (4)]
 41753 | D:12     | HP: 20/94 [??? (5)]
 41766 | D:12     | HP: 23/94 [??? (6)]
 41816 | D:12     | HP: 23/94 [??? (5)]
 41863 | D:12     | HP: 21/94 [??? (5)]
 41870 | D:12     | HP: 23/94 [??? (6)]
 41876 | D:12     | HP: 21/94 [??? (5)]
 41885 | D:12     | HP: 22/94 [??? (5)]
 41891 | D:12     | HP: 20/94 [??? (4)]
 41907 | D:12     | HP: 23/94 [??? (5)]
 42039 | D:12     | HP: 23/94 [??? (5)]
 42046 | D:12     | HP: 21/94 [??? (5)]
 42055 | D:12     | HP: 16/94 [??? (4)]
 42060 | D:12     | HP: 16/94 [??? (3)]
 42240 | D:12     | HP: 21/94 [??? (5)]
 42296 | D:12     | HP: 23/94 [??? (5)]
 42306 | D:12     | HP: 23/94 [??? (6)]
 42334 | D:12     | HP: 23/94 [??? (6)]
 42339 | D:12     | HP: 20/94 [??? (4)]
 42351 | D:12     | HP: 23/94 [??? (6)]
 42364 | D:12     | HP: 21/94 [??? (5)]
 42369 | D:12     | HP: 22/94 [??? (5)]
 42411 | D:12     | HP: 23/94 [??? (6)]
 42417 | D:12     | HP: 17/94 [??? (4)]
 42423 | D:12     | HP: 16/94 [??? (4)]
 42432 | D:12     | HP: 20/94 [??? (4)]
 42442 | D:12     | HP: 20/94 [??? (5)]
 42477 | D:12     | HP: 23/94 [??? (6)]
 42572 | D:12     | HP: 22/94 [??? (5)]
 42591 | D:12     | HP: 23/94 [??? (6)]
 42690 | D:12     | HP: 22/94 [??? (5)]
 42710 | D:12     | Glimpsed the power of Zot.
 42838 | D:12     | HP: 22/94 [??? (5)]
 42849 | D:12     | HP: 20/94 [??? (5)]
 42857 | D:12     | HP: 17/94 [??? (4)]
 42870 | D:12     | HP: 23/94 [??? (5)]
 42876 | D:12     | HP: 20/94 [??? (4)]
 42886 | D:12     | HP: 20/94 [??? (4)]
 42893 | D:12     | HP: 23/94 [??? (5)]
 43054 | D:12     | HP: 21/94 [??? (5)]
 43076 | D:12     | HP: 22/94 [??? (5)]
 43085 | D:12     | HP: 23/94 [??? (5)]
 43092 | D:12     | HP: 19/94 [??? (4)]
 43103 | D:12     | HP: 22/94 [??? (5)]
 43113 | D:12     | HP: 21/94 [??? (5)]
 43124 | D:12     | HP: 22/94 [??? (5)]
 43210 | D:12     | Glimpsed the power of Zot.
 43237 | D:12     | HP: 23/94 [??? (6)]
 43315 | D:12     | HP: 21/94 [??? (5)]
 43372 | D:12     | HP: 23/94 [??? (5)]
 43437 | D:12     | HP: 22/94 [??? (5)]
 43442 | D:12     | HP: 16/94 [??? (4)]
 43447 | D:12     | HP: 18/94 [??? (4)]
 43453 | D:12     | HP: 20/94 [??? (5)]
 43460 | D:12     | HP: 15/94 [??? (3)]
 43465 | D:12     | HP: 13/94 [??? (2)]
 43471 | D:12     | HP: 16/94 [??? (3)]
 43497 | D:12     | HP: 23/94 [??? (6)]
 43502 | D:12     | HP: 20/94 [??? (5)]
 43507 | D:12     | HP: 18/94 [??? (4)]
 43513 | D:12     | HP: 20/94 [??? (5)]
 43523 | D:12     | HP: 22/94 [??? (5)]
 43542 | D:12     | HP: 21/94 [??? (5)]
 43551 | D:12     | HP: 20/94 [??? (4)]
 43556 | D:12     | HP: 21/94 [??? (5)]
 43563 | D:12     | HP: 17/94 [??? (4)]
 43573 | D:12     | HP: 23/94 [??? (6)]
 43601 | D:12     | HP: 23/94 [??? (6)]
 43610 | D:12     | Glimpsed the power of Zot.
 43615 | D:12     | HP: 22/94 [??? (5)]
 43622 | D:12     | HP: 18/94 [??? (4)]
 43628 | D:12     | HP: 20/94 [??? (5)]
 43637 | D:12     | HP: 21/94 [??? (5)]
 43655 | D:12     | HP: 21/94 [??? (5)]
 43661 | D:12     | HP: 23/94 [??? (5)]
 43709 | D:12     | Touched by the power of Zot.
 43710 | D:12     | Glimpsed the power of Zot.
 43834 | D:12     | HP: 20/80 [??? (5)]
 43839 | D:12     | HP: 18/80 [??? (4)]
 43844 | D:12     | HP: 14/80 [??? (3)]
 43851 | D:12     | HP: 18/80 [??? (4)]
 43857 | D:12     | HP: 20/80 [??? (4)]
 43880 | D:12     | HP: 20/80 [??? (4)]
 43885 | D:12     | HP: 18/80 [??? (4)]
 43890 | D:12     | HP: 13/80 [??? (3)]
 43896 | D:12     | HP: 13/80 [??? (3)]
 43904 | D:12     | HP: 18/80 [??? (4)]
 43910 | D:12     | HP: 20/80 [??? (5)]
 44051 | D:12     | HP: 20/80 [??? (5)]
 44064 | D:12     | HP: 19/80 [??? (4)]
 44071 | D:12     | HP: 19/80 [??? (4)]
 44080 | D:12     | HP: 18/80 [??? (4)]
 44085 | D:12     | HP: 16/80 [??? (4)]
 44093 | D:12     | HP: 20/80 [??? (5)]
 44174 | D:12     | HP: 20/80 [??? (4)]
 44180 | D:12     | HP: 18/80 [??? (4)]
 44187 | D:12     | HP: 16/80 [??? (4)]
 44205 | D:12     | HP: 20/80 [??? (5)]
 44210 | D:12     | Glimpsed the power of Zot.
 44211 | D:12     | HP: 18/80 [??? (4)]
 44220 | D:12     | HP: 18/80 [??? (4)]
 44228 | D:12     | HP: 20/80 [??? (4)]
 44248 | D:12     | HP: 20/80 [??? (5)]
 44254 | D:12     | HP: 18/80 [??? (4)]
 44261 | D:12     | HP: 18/80 [??? (4)]
 44331 | D:12     | HP: 20/80 [??? (5)]
 44344 | D:12     | HP: 20/80 [??? (4)]
 44474 | D:12     | HP: 20/80 [??? (5)]
 44480 | D:12     | HP: 18/80 [??? (4)]
 44486 | D:12     | HP: 17/80 [??? (4)]
 44493 | D:12     | HP: 18/80 [??? (4)]
 44510 | D:12     | HP: 19/80 [??? (4)]
 44516 | D:12     | HP: 16/80 [??? (4)]
 44524 | D:12     | HP: 18/80 [??? (4)]
 44593 | D:12     | HP: 19/80 [??? (4)]
 44604 | D:12     | HP: 19/80 [??? (4)]
 44610 | D:12     | Glimpsed the power of Zot.
 44622 | D:12     | HP: 19/80 [??? (4)]
 44627 | D:12     | HP: 14/80 [??? (3)]
 44635 | D:12     | HP: 16/80 [??? (4)]
 44641 | D:12     | HP: 13/80 [??? (2)]
 44668 | D:12     | HP: 18/80 [??? (4)]
 44676 | D:12     | HP: 19/80 [??? (4)]
 44681 | D:12     | HP: 16/80 [??? (4)]
 44691 | D:12     | HP: 20/80 [??? (4)]
 44709 | D:12     | Touched by the power of Zot.
 44710 | D:12     | Glimpsed the power of Zot.
 44786 | D:12     | HP: 15/67 [??? (3)]
 44794 | D:12     | HP: 16/67 [??? (3)]
 44899 | D:12     | HP: 16/67 [??? (3)]
 44905 | D:12     | HP: 14/67 [??? (3)]
 45052 | D:12     | HP: 16/67 [??? (3)]
 45057 | D:12     | HP: 13/67 [??? (2)]
 45063 | D:12     | HP: 14/67 [??? (3)]
 45068 | D:12     | HP: 16/67 [??? (4)]
 45172 | D:12     | HP: 16/67 [??? (3)]
 45210 | D:12     | Glimpsed the power of Zot.
 45330 | D:12     | HP: 16/67 [??? (4)]
 45336 | D:12     | HP: 16/67 [??? (3)]
 45500 | D:12     | HP: 16/67 [??? (3)]
 45520 | D:12     | HP: 16/67 [??? (3)]
 45544 | D:12     | HP: 16/67 [??? (3)]
 45550 | D:12     | HP: 14/67 [??? (3)]
 45610 | D:12     | Glimpsed the power of Zot.
 45700 | D:12     | HP: 16/67 [??? (4)]
 45706 | D:12     | HP: 13/67 [??? (2)]
 45709 | D:12     | Touched by the power of Zot.
 45710 | D:12     | Glimpsed the power of Zot.
 45955 | D:12     | HP: 14/56 [??? (3)]
 46073 | D:12     | HP: 14/56 [??? (3)]
 46089 | D:12     | HP: 14/56 [??? (3)]
 46210 | D:12     | Glimpsed the power of Zot.
 46240 | D:12     | HP: 14/56 [??? (3)]
 46610 | D:12     | Glimpsed the power of Zot.
 46709 | D:12     | Touched by the power of Zot.
 46710 | D:12     | Glimpsed the power of Zot.
 47210 | D:12     | Glimpsed the power of Zot.
 47454 | D:12     | HP: 11/46 [??? (2)]
 47610 | D:12     | Glimpsed the power of Zot.
 47709 | D:12     | Touched by the power of Zot.
 47710 | D:12     | Glimpsed the power of Zot.
 48210 | D:12     | Glimpsed the power of Zot.
 48610 | D:12     | Glimpsed the power of Zot.
 48709 | D:12     | Touched by the power of Zot.
 48710 | D:12     | Glimpsed the power of Zot.
 48729 | D:12     | 48729 ||| READING scroll labelled MUALA RIKHICUST.
 48729 | D:12     | Identified a scroll of acquirement
 48729 | D:12     | 48729 ||| ACQUIRING +8 plate armour "Loimalom" {rElec
                  | rPois}
 48729 | D:12     | Acquired the +8 plate armour "Loimalom" {rElec rPois}
 48731 | D:12     | 48731 ||| UPGRADING to +8 plate armour "Loimalom" {rElec
                  | rPois}.
 48741 | D:12     | 48741 ||| DROPPING +0 plate armour.
 48764 | D:13     | 48764 ||| Stepping ~*~*~tactically~*~*~ (hiding).
 48765 | D:13     | 48765 ||| Stepping ~*~*~tactically~*~*~ (hiding).
 48841 | D:13     | 48841 ||| Stepping ~*~*~tactically~*~*~ (hiding).
 48842 | D:13     | 48842 ||| Stepping ~*~*~tactically~*~*~ (hiding).
 48855 | D:13     | Reached skill level 9 in Armour
 48933 | D:13     | You are sucked into a shaft and drop 2 floors!
 48933 | D:15     | Entered Level 15 of the Dungeon
 49007 | D:14     | 49007 ||| Stepping ~*~*~tactically~*~*~ (hiding).
 49009 | D:14     | 49009 ||| Stepping ~*~*~tactically~*~*~ (hiding).
 49029 | D:14     | 49029 ||| INVOKING Heroism.
 49084 | D:14     | 49084 ||| INVOKING Heroism.
 49105 | D:13     | 49105 ||| DRINKING 3 potions of curing.
 49105 | D:13     | 49105 ||| (to cure confusion)
 49109 | D:13     | 49109 ||| Stepping ~*~*~tactically~*~*~ (stealth).
 49111 | D:13     | 49111 ||| Stepping ~*~*~tactically~*~*~ (stealth).
 49117 | D:13     | HP: 6/31 [skeletal warrior/+0 battleaxe (14)]
 49118 | D:13     | 49118 ||| READING 7 scrolls of teleportation.
 49118 | D:13     | HP: 2/31 [skeletal warrior/+0 battleaxe (5)]
 49119 | D:13     | 49119 ||| DRINKING 5 potions of heal wounds.
 49160 | D:13     | 49160 ||| Stepping ~*~*~tactically~*~*~ (hiding).
 49165 | D:13     | 49165 ||| INVOKING Heroism.
 49168 | D:13     | 49168 ||| SWAPPING to +1 hand axe of flaming.
 49174 | D:13     | 49174 ||| SWAPPING to +2 spectral war axe.
 49197 | D:13     | 49197 ||| Stepping ~*~*~tactically~*~*~ (hiding).
 49206 | D:13     | 49206 ||| Stepping ~*~*~tactically~*~*~ (hiding).
 49213 | D:13     | 49213 ||| INVOKING Heroism.
 49281 | D:13     | 49281 ||| Stepping ~*~*~tactically~*~*~ (stealth).
 49292 | D:13     | 49292 ||| INVOKING Heroism.
 49416 | D:13     | 49416 ||| Stepping ~*~*~tactically~*~*~ (hiding).
 49417 | D:13     | 49417 ||| Stepping ~*~*~tactically~*~*~ (hiding).
 49440 | D:13     | Found a gate to the Vaults.
 49580 | D:13     | 49580 ||| INVOKING Heroism.
 49688 | D:13     | 49688 ||| Stepping ~*~*~tactically~*~*~ (stealth).
 49698 | D:13     | 49698 ||| INVOKING Heroism.
 49705 | D:13     | 49705 ||| Stepping ~*~*~tactically~*~*~ (hiding).
 49955 | D:14     | 49955 ||| INVOKING Heroism.
 49956 | D:14     | 49956 ||| SWAPPING to +1 hand axe of flaming.
 49969 | D:14     | 49969 ||| SWAPPING to +2 spectral war axe.
 50131 | D:14     | 50131 ||| INVOKING Heroism.
 50132 | D:14     | 50132 ||| Stepping ~*~*~tactically~*~*~ (stealth).
 50137 | D:14     | 50137 ||| Stepping ~*~*~tactically~*~*~ (stealth).
 50150 | D:14     | Reached skill level 15 in Axes
 50224 | D:14     | 50224 ||| Stepping ~*~*~tactically~*~*~ (hiding).
 50525 | D:14     | 50525 ||| DROPPING +6 ring of intelligence.
 50526 | D:14     | 50526 ||| DROPPING ring of magical power.
 50636 | D:15     | 50636 ||| Stepping ~*~*~tactically~*~*~ (hiding).
 50642 | D:15     | 50642 ||| INVOKING Heroism.
 50647 | D:15     | HP: 6/32 [death knight/+2 battleaxe (10)]
 50648 | D:15     | 50648 ||| READING 7 scrolls of teleportation.
 50649 | D:15     | 50649 ||| DRINKING 4 potions of heal wounds.
 50690 | D:15     | 50690 ||| Stepping ~*~*~tactically~*~*~ (hiding).
 50691 | D:15     | 50691 ||| Stepping ~*~*~tactically~*~*~ (hiding).
 50819 | D:15     | 50819 ||| INVOKING Heroism.
 50891 | D:15     | 50891 ||| Stepping ~*~*~tactically~*~*~ (stealth).
 50892 | D:15     | 50892 ||| Stepping ~*~*~tactically~*~*~ (stealth).
 50903 | D:15     | 50903 ||| INVOKING Heroism.
 50909 | D:15     | Reached skill level 12 in Fighting
 50923 | D:15     | Found a staircase to the Depths.
 50969 | D:15     | 50969 ||| INVOKING Heroism.
 50989 | D:15     | 50989 ||| INVOKING Heroism.
 51049 | D:15     | 51049 ||| Stepping ~*~*~tactically~*~*~ (stealth).
 51051 | D:15     | 51051 ||| Stepping ~*~*~tactically~*~*~ (hiding).
 51190 | D:15     | 51190 ||| Stepping ~*~*~tactically~*~*~ (hiding).
 51196 | D:15     | 51196 ||| INVOKING Heroism.
 51202 | D:15     | HP: 6/32 [centaur warrior (7)]
 51203 | D:15     | 51203 ||| READING 7 scrolls of teleportation.
 51204 | D:15     | 51204 ||| DRINKING 3 potions of heal wounds.
 51241 | D:15     | 51241 ||| INVOKING Heroism.
 51261 | D:15     | Killed from afar by an efreet

Levels and vault maps discovered:
D:1:      mrwooster_arrival_statue_3, layout_basic
D:2:      layout_rooms, hangedman_abyss_or_decor_lesser_grid, uniq_natasha,
          uniq_sigmund
D:3:      layout_loops_cross, lemuel_doored_altar, evilmike_ruin_ashenzari,
          worldfamousw_hep_ancestral_shrine, nicolae_qazlal_eye_of_the_storm,
          general_overflow_altar, serial_shops, shop, uniq_grinder, uniq_jessica
D:4:      layout_rooms, xom_confusion_cloud
D:5:      layout_loops_ring, fedhas_ov_isle_minmay, tgw_trog,
          portal_sewer_entry_a, hellmonk_bongcloud_opening
D:6:      layout_loops_corners, grunt_gozag_statues,
          minmay_temple_entry_slanted, uniq_prince_ribbit1, uniq_duvessa
D:7:      layout_gridville, grunt_dithmenos_shadows,
          mainiacjoe_overflow_catwalk, gammafunk_ghost_berserking_beasts
D:8:      layout_cave_pools, nicolae_overflow_crystal_walls,
          lightli_church_of_beogh
D:9:      layout_rooms, grunt_temple_overflow_order_and_chaos_2,
          nicolae_ru_sacrificial_ziggurat, enter_bailey_2
D:10:     layout_long_grid, overflow_temple_1_default,
          due_lair_maze_entry_diamond, ebering_ghost_funeral_grove,
          nicolae_transporter_circle
D:11:     minmay_polygon_palace, layout_cave_pools, uniq_josephine, uniq_psyche
D:12:     cheibrodos_tormentor_scu, layout_basic, ebering_ghost_xom,
          serial_shops, nicolae_shop_behind_doors, minmay_nine_imps
D:13:     minmay_skewed_foursquare, layout_gridville, david_vaults_2,
          special_room [special_room_orc], st_stairs_5, grunt_ministairs_6
D:14:     layout_rooms, nicolae_figureground_sparkle,
          portal_ice_cave_entry_ugly_swarm
D:15:     gammafunk_depths_entry_grave, layout_basic,
          hangedman_abyss_or_decor_stabs, minmay_bent
Temple:   nicolae_temple_bog_church
Lair:1:   layout_loops_ring, lightli_volcano_entry_magma_tube,
          hangedman_lair_unloving_vines, uniq_amaemon, uniq_erica
Lair:2:   mu_elephants_graveyard, layout_misc_corridors
Lair:3:   layout_loops_ring, elwin_shoals_entry_rooms,
          nicolae_spider_entry_orb_guardian, lemuel_fruit_tree,
          serial_bayou_shore_a, grunt_megastairs_3, serial_bayou_shore_b
Lair:4:   layout_cellular_growth, dpeg_slime_entry_enclosed,
          gauntlet_entry_generic, nicolae_lair_time_for_slime,
          infiniplex_staircase_pool
Lair:5:   wormcave, layout_layer_cave, hangedman_lair_in_review, roderic_batcave

Skill      XL: |  1  2  3  4  5  6  7  8  9 10 11 12 13 14 15 |
---------------+----------------------------------------------+-----
Axes           | 2 3 5 6 7 9 10 11 12 14 15 | 15.3
Fighting       | 4 5 7 8 10 11 12 | 12.0
Dodging        | 1 2 3 |  3.0
Shields        | 6 7 10 12 13 14 15 16 | 16.3
Throwing       | 1 2 3 4 5 |  5.0
Invocations    | 3 4 8 10 | 10.0
Armour         | 4 7 8 10 | 10.0

Action                     |  1- 3 |  4- 6 |  7- 9 | 10-12 | 13-15 || total
---------------------------+-------+-------+-------+-------+-------++-------
  Melee: War axe           |    51 |   117 |   412 |   529 |   852 ||  1961
         Demon whip        |       |       |       |    13 |       ||    13
         Hand axe          |       |       |       |       |    41 ||    41
  Throw: Javelin           |       |       |    32 |    33 |   137 ||   202
         Boomerang         |       |       |     2 |    38 |    67 ||   107
 Invoke: Heroism           |       |       |     7 |    26 |    45 ||    78
         Finesse           |       |       |       |       |     2 ||     2
    Use: Scroll            |     3 |     4 |    11 |     3 |    16 ||    37
         Potion            |     1 |     1 |     4 |     2 |     9 ||    17
   Stab: Distracted        |       |       |       |       |    16 ||    16
 Armour: Scale mail        |    18 |   104 |    37 |       |       ||   159
         Ring mail         |       |       |   134 |       |       ||   134
         Chain mail        |       |       |    17 |    90 |       ||   107
         Plate armour      |       |       |       |   188 |   131 ||   319
         Ice dragon scales |       |       |       |       |   164 ||   164
  Dodge: Dodged            |    27 |    53 |   114 |   161 |   143 ||   498
  Block: Buckler           |     9 |     7 |       |       |       ||    16
         Tower shield      |       |    76 |   334 |   560 |   624 ||  1594

Table legend:
 A = Non-vault XP
 B = Vault XP
 C = Vault XP percentage of total XP
 D = Non-vault monster count
 E = Vault monster count
 F = Vault count percentage of total count
                 A         B        C        D         E       F
            +---------+---------+-------+---------+---------+-------
      Total |   64210 |   63030 |  49.5 |     358 |     203 |  36.2
            +---------+---------+-------+---------+---------+-------
        D:1 |      32 |       0 |   0.0 |      16 |       0 |   0.0
        D:2 |      79 |     262 |  76.8 |      18 |       2 |  10.0
        D:3 |     210 |     304 |  59.1 |      20 |       2 |   9.1
        D:4 |     231 |     231 |  50.0 |      14 |      12 |  46.2
        D:5 |     296 |       8 |   2.6 |      11 |       6 |  35.3
        D:6 |     804 |     494 |  38.1 |      21 |       3 |  12.5
        D:7 |    1036 |     103 |   9.0 |      22 |       1 |   4.3
        D:8 |    1174 |       0 |   0.0 |      26 |       0 |   0.0
        D:9 |    2243 |       0 |   0.0 |      18 |       0 |   0.0
       D:10 |    3472 |    1613 |  31.7 |      17 |       8 |  32.0
       D:11 |    1519 |    7755 |  83.6 |      15 |      21 |  58.3
       D:12 |    6949 |    2353 |  25.3 |      25 |      17 |  40.5
       D:13 |    7384 |    7496 |  50.4 |      12 |      31 |  72.1
       D:14 |    5601 |    3754 |  40.1 |      17 |       7 |  29.2
       D:15 |    5011 |    6861 |  57.8 |      16 |      11 |  40.7
     Lair:1 |    3433 |    2032 |  37.2 |      18 |       3 |  14.3
     Lair:2 |    9168 |    7891 |  46.3 |      23 |      16 |  41.0
     Lair:3 |    1821 |    1974 |  52.0 |       9 |       5 |  35.7
     Lair:4 |    5079 |    2481 |  32.8 |      19 |       9 |  32.1
     Lair:5 |    8668 |   14166 |  62.0 |      21 |      41 |  66.1
   Gauntlet |       0 |    3252 | 100.0 |       0 |       8 | 100.0
            +---------+---------+-------+---------+---------+-------
